Workbook
Name Bu: [1]INPUT!$B$10
Name DC: [1]INPUT!$B$8
Name EXHIBIT_01: #REF!
Name EXHIBIT_02: #REF!
Name EXHIBIT_02: #REF!
Name EXHIBIT_02: #REF!
Name EXHIBIT_05: #REF!
Name EXHIBIT_05: #REF!
Name EXHIBIT_05: #REF!
Name EXHIBIT_06: #REF!
Name EXHIBIT_06: #REF!
Name EXHIBIT_06: #REF!
Name EXHIBIT_07: #REF!
Name EXHIBIT_07: #REF!
Name EXHIBIT_07: #REF!
Name EXHIBIT_08: #REF!
Name EXHIBIT_08: #REF!
Name EXHIBIT_08: #REF!
Name new_proj: '[2]Novos Projectos'!$A$3:$A$57
Name Pm: [1]INPUT!$B$6
Name Rd: [1]INPUT!$B$4
Name t: [1]INPUT!$B$7
Name TD: [1]INPUT!$B$9
Name VARa: [1]INPUT!$B$12

Sheet Regras de Utilização
B4: Regras de utilização
B7: Para a melhor utilização do presente modelo o empreendedor deverá dominar conceitos básicos de análise económica e financeira ou, não sendo esse o caso, deve explorar as potencialidades do presente modelo acompanhado por alguém conhecedor desses conceitos. Por outro lado, este modelo Económico Financeiro deve ser acompanhado de informação qualitativa detalhada sobre o projecto e de explicação dos pressupostos de cálculos efectuados.
B11: Principais regras de utilização:
B13: Ü Só devem ser inseridos valores nas células com fundo branco;
B14: Ü Os valores que se encontrem a azul, poderão ser alterados, mas dentro dos mesmos parâmetros;
B15: Ü A utilização deste modelo tem por base um trabalho prévio por parte do utilizador no que diz respeito à previsão de proveitos e de custos;
B16: Ü No caso de pretender efectuar uma análise de sensibilidade, utilize este mesmo modelo, mas com diferentes valores.
B19: Passos para preenchimento:
B21: 1 | C21: Para que o possa tirar partido de todas as funcionalidades do modelo, deverá confirmar se o nível de segurança das Macros esta em Médio. Para isso basta ir às Ferramentas - Macro - Segurança e no Nível de Segurança escolher / confirmar se está no Médio. Caso não esteja coloque a opção já indicada e feche o ficheiro. Quando reabrir , seleccione Aceitar Macro.
B23: 2 | C23: Colocar o nome da empresa na célula E1 na sheet de "Pressupostos";
B25: 3 | C25: Estimar o volume de negócios da empresa, através das quantidades vendidas, preço de venda dos produtos e de prestação de serviços. Caso pretenda utilize folha de cálculo anexa e faça apenas as respectivas ligações de acordo com a classificação contabilística do seu volume de negócios;
B27: 4 | C27: Colocar na sheet CMVMC na célula correspondente, as margens brutas de negócio para cada um dos produtos vendidos;
B29: 5 | C29: Na sheet FSE, estimar um valor médio mensal para cada umas das rubricas que se adaptem à empresa / negócio;
B31: 6 | C31: Na sheet Gastos com Pessoal, definir os colaboradores (Gerência e Pessoal) da empresa e respectivas remunerações brutas mensais. Para além disto, definir, caso se aplique um valor para a formação e outros custos com pessoal;
B33: 7 | C33: Posteriormente, definir o quadro de investimento da empresa / projecto na sheet de Investimentos, repartida pelas diferentes rubricas de investimento em activo fixo;
B35: 8 | C35: Na sheet de Fundo Maneio, definir a Reserva de Segurança de Tesouraria. Esta rubrica representa um valor mínimo de disponibilidades a manter ao longo do projecto;
B37: 9 | C37: Após a definição de todos estes pressupostos tem que definir a forma de financiamento do projecto na sheet Financiamento. Deverá indicar o valor de capital social inicial e eventuais aumentos, bem como o nível de suprimentos da empresa e / ou o valor dos empréstimos bancários;
B39: 10 | C39: Os inputs do modelo estão inseridos, sendo necessário apenas fazer o acerto de disponibilidades. Assim sendo, na sheet de Plano Financeiro carregar no rectângulo que indica "Acerto do modelo"
B41: NOTA | C41: No caso de empresas industriais é aconselhado o uso da sheet Calculos Auxiliares. Esta sheet constitui uma base de cálculo indispensável ao suporte previsional do modelo de projecções.

Sheet Pressupostos
D1: Empresa: | E1: ALI,Conserva&Limpa, Lda
A4: Pressupostos Gerais
A6: Valide os pressupostos aqui indicados e ajuste-os de acordo com o seu projecto
A9: Unidade monetária | B9: Euros
A11: 1º Ano actividade | B11: 2011
A13: Prazo médio de Recebimento (dias) / (meses) | B13: 90 | C13: =+B13/30 -> 3
A14: Prazo médio de Pagamento (dias) / (meses) | B14: 90 | C14: =+B14/30 -> 3
A15: Prazo médio de Stockagem (dias) / (meses) | B15: 15 | C15: =+B15/30 -> 0.5
A17: Taxa de IVA - Vendas | B17: 0.06
A18: Taxa de IVA - Prestação Serviços
A19: Taxa de IVA - CMVMC | B19: 0.06
A20: Taxa de IVA - FSE | B20: 0.23
A21: Taxa de IVA - Investimento | B21: 0.23
A23: Taxa de Segurança Social - entidade - órgãos sociais | B23: 0.203
A24: Taxa de Segurança Social - entidade - colaboradores | B24: 0.2375
A25: Taxa de Segurança Social - pessoal - órgãos sociais | B25: 0.093
A26: Taxa de Segurança Social - pessoal - colaboradores | B26: 0.11
A27: Taxa média de IRS | B27: 0.06
A28: Taxa de IRC | B28: 0.25
A30: Taxa de Aplicações Financeiras Curto Prazo | B30: 0.022
A31: Taxa de juro de empréstimo Curto Prazo | B31: 0.068
A32: Taxa de juro de empréstimo ML Prazo | B32: 0.072
A34: Taxa de juro de activos sem risco - Rf | B34: 0.0375 | C34: NOTA: Quando não se aplica Beta, colocar:
A35: Prémio de risco de mercado - (Rm-Rf)* ou pº | B35: 0.1 | C35: - O prémio de risco (pº) adequado ao projecto
A36: Beta empresas equivalentes | B36: 1 | C36: - Beta = 100%
A37: Taxa de crescimento dos cash flows na perpetuidade | B37: 0.05 | C37: ==> R(Tx actualização) = Rf + pº
A38: * Rendimento esperado de mercado
A40: Métodos de avaliação considerados:
A42: Free Cash Flow to Firm
A43: Em linhas gerais, o método dos fluxos de caixa descontados consiste em estimar-se os fluxos de caixa futuros da empresa e trazê-los a valor presente por uma determinada taxa de desconto (WACC). Em outras palavras, o valor de uma empresa pode ser expresso como o valor presente do fluxo FCFF (fluxo de caixa líquido para a firma, do inglês Free Cash Flow to Firm).
A47: Free Cash Flow to Equity
A48: No método de avaliação pelo desconto de fluxos de caixa líquido do acionista (FCFE – do inglês Free Cashflow to Equity), o objetivo é avaliar directamente o património líquido da empresa.

Sheet VN
G1: Empresa: | H1: =+Pressupostos!E1 -> ALI,Conserva&Limpa, Lda
A2: s | H2: =+Pressupostos!B9 -> Euros
A4: Vendas + Prestações de Serviços
C8: =+Pressupostos!B11 -> 2011 | D8: =+C8+1 -> 2012 | E8: =+D8+1 -> 2013 | F8: =+E8+1 -> 2014 | G8: =+F8+1 -> 2015 | H8: =+G8+1 -> 2016
A9: Taxa de variação dos preços | D9: 0.03 | E9: 0.03 | F9: 0.03 | G9: 0.03 | H9: 0.03
A12: VENDAS - MERCADO NACIONAL | C12: =+C8 -> 2011 | D12: =+D8 -> 2012 | E12: =+E8 -> 2013 | F12: =+F8 -> 2014 | G12: =+G8 -> 2015 | H12: =+H8 -> 2016
A13: Alimentação | C13: =+C16*C14 -> 545919 | D13: =+D16*D14 -> 730985.54 | E13: =+E16*E14 -> 941143.88 | F13: =+F16*F14 -> 1153560.1 | G13: =+G16*G14 -> 1378273.6 | H13: =+H16*H14 -> 1490602.9
A14: Quantidades vendidas | C14: 234300 | D14: =+C14*(1+D15) -> 304590 | E14: =+D14*(1+E15) -> 380737.5 | F14: =+E14*(1+F15) -> 453077.62 | G14: =+F14*(1+G15) -> 525570.04 | H14: =+G14*(1+H15) -> 551848.55
A15: Taxa de crescimento das unidades vendidas | D15: 0.3 | E15: 0.25 | F15: 0.19 | G15: 0.16 | H15: 0.05
A16: Preço Unitário | C16: 2.33 | D16: =+C16*(1+D9) -> 2.3999 | E16: =+D16*(1+E9) -> 2.471897 | F16: =+E16*(1+F9) -> 2.5460539 | G16: =+F16*(1+G9) -> 2.6224355 | H16: =+G16*(1+H9) -> 2.7011086
A17: Conservação e Limpeza | C17: =+C20*C18 -> 2041.7 | D17: =+D20*D18 -> 2313.2461 | E17: =+E20*E18 -> 2549.4285 | F17: =+F20*F18 -> 2757.207 | G17: =+G20*G18 -> 3038.7178 | H17: =+H20*H18 -> 3312.2024
A18: Quantidades vendidas | C18: 2402 | D18: =+C18*(1+D19) -> 2642.2 | E18: =+D18*(1+E19) -> 2827.154 | F18: =+E18*(1+F19) -> 2968.5117 | G18: =+F18*(1+G19) -> 3176.3075 | H18: =+G18*(1+H19) -> 3462.1752
A19: Taxa de crescimento das unidades vendidas | D19: 0.1 | E19: 0.07 | F19: 0.05 | G19: 0.07 | H19: 0.09
A20: Preço Unitário | C20: 0.85 | D20: =+C20*(1+E9) -> 0.8755 | E20: =+D20*(1+F9) -> 0.901765 | F20: =+E20*(1+G9) -> 0.92881795 | G20: =+F20*(1+H9) -> 0.95668249 | H20: =+G20*(1+I9) -> 0.95668249
A21: Bolo de aniversário com massa de manteiga | C21: =+C24*C22 -> 24826.5 | D21: =+D24*D22 -> 28128.425 | E21: =+E24*E22 -> 31000.337 | F21: =+F24*F22 -> 34165.471 | G21: =+G24*G22 -> 37653.766 | H21: =+H24*H22 -> 40722.547
A22: Quantidades vendidas | C22: 1839 | D22: =+C22*(1+D23) -> 2022.9 | E22: =+D22*(1+E23) -> 2164.503 | F22: =+E22*(1+F23) -> 2316.0182 | G22: =+F22*(1+G23) -> 2478.1395 | H22: =+G22*(1+H23) -> 2602.0465
A23: Taxa de crescimento das unidades vendidas | D23: 0.1 | E23: 0.07 | F23: 0.07 | G23: 0.07 | H23: 0.05
A24: Preço Unitário | C24: 13.5 | D24: =+C24*(1+D9) -> 13.905 | E24: =+D24*(1+E9) -> 14.32215 | F24: =+E24*(1+F9) -> 14.751815 | G24: =+F24*(1+G9) -> 15.194369 | H24: =+G24*(1+H9) -> 15.6502
A25: Bolo de aniversário com massa pão-de-ló | C25: =+C28*C26 -> 9990.68 | D25: =+D28*D26 -> 11319.44 | E25: =+E28*E26 -> 12241.975 | F25: =+F28*F26 -> 13744.065 | G25: =+G28*G26 -> 15713.59 | H25: =+H28*H26 -> 16994.247
A26: Quantidades vendidas | C26: 868 | D26: =+C26*(1+D27) -> 954.8 | E26: =+D26*(1+E27) -> 1002.54 | F26: =+E26*(1+F27) -> 1092.7686 | G26: =+F26*(1+G27) -> 1212.9731 | H26: =+G26*(1+H27) -> 1273.6218
A27: Taxa de crescimento das unidades vendidas | D27: 0.1 | E27: 0.05 | F27: 0.09 | G27: 0.11 | H27: 0.05
A28: Preço Unitário | C28: 11.51 | D28: =+C28*(1+D9) -> 11.8553 | E28: =+D28*(1+E9) -> 12.210959 | F28: =+E28*(1+F9) -> 12.577288 | G28: =+F28*(1+G9) -> 12.954606 | H28: =+G28*(1+H9) -> 13.343245
A29: TOTAL | C29: =+C13+C17+C21+C25 -> 582777.88 | D29: =+D13+D17+D21+D25 -> 772746.65 | E29: =+E13+E17+E21+E25 -> 986935.62 | F29: =+F13+F17+F21+F25 -> 1204226.8 | G29: =+G13+G17+G21+G25 -> 1434679.6 | H29: =+H13+H17+H21+H25 -> 1551631.9
A32: VENDAS - EXPORTAÇÃO | C32: =+C8 -> 2011 | D32: =+D8 -> 2012 | E32: =+E8 -> 2013 | F32: =+F8 -> 2014 | G32: =+G8 -> 2015 | H32: =+H8 -> 2016
A33: Alimentação | C33: =+C36*C34 -> 0 | D33: =+D36*D34 -> 0 | E33: =+E36*E34 -> 0 | F33: =+F36*F34 -> 14321.553 | G33: =+G36*G34 -> 16226.32 | H33: =+H36*H34 -> 17548.765
A34: Quantidades vendidas | D34: =+C34*(1+D35) -> 0 | E34: =+D34*(1+E35) -> 0 | F34: 5625 | G34: =+F34*(1+G35) -> 6187.5 | H34: =+G34*(1+H35) -> 6496.875
A35: Taxa de crescimento das unidades vendidas | G35: 0.1 | H35: 0.05
A36: Preço Unitário | D36: =+C36*(1+D9) -> 0 | E36: =+D36*(1+E9) -> 0 | F36: =F16 -> 2.5460539 | G36: =+F36*(1+G9) -> 2.6224355 | H36: =+G36*(1+H9) -> 2.7011086
A37: Produto B * | C37: =+C40*C38 -> 0 | D37: =+D40*D38 -> 0 | E37: =+E40*E38 -> 0 | F37: =+F40*F38 -> 0 | G37: =+G40*G38 -> 0 | H37: =+H40*H38 -> 0
A38: Quantidades vendidas | D38: =+C38*(1+D39) -> 0 | E38: =+D38*(1+E39) -> 0 | F38: =+E38*(1+F39) -> 0 | G38: =+F38*(1+G39) -> 0 | H38: =+G38*(1+H39) -> 0
A39: Taxa de crescimento das unidades vendidas
A40: Preço Unitário | D40: =+C40*(1+D9) -> 0 | E40: =+D40*(1+E9) -> 0 | F40: =+E40*(1+F9) -> 0 | G40: =+F40*(1+G9) -> 0 | H40: =+G40*(1+H9) -> 0
A41: TOTAL | C41: =+C33+C37 -> 0 | D41: =+D33+D37 -> 0 | E41: =+E33+E37 -> 0 | F41: =+F33+F37 -> 14321.553 | G41: =+G33+G37 -> 16226.32 | H41: =+H33+H37 -> 17548.765
A42: * Produtos / Familias de Produtos / Mercadorias
A43: NOTA: Caso não tenha conhecimento das quantidades, colocar o valor das vendas na linha das "Quantidades Vendidas" e o valor 1 na linha do "Preço Unitário".
A45: PRESTAÇÕES DE SERVIÇOS - MERCADO NACIONAL | C45: =+C8 -> 2011 | D45: =+D8 -> 2012 | E45: =+E8 -> 2013 | F45: =+F8 -> 2014 | G45: =+G8 -> 2015 | H45: =+H8 -> 2016
A46: Serviço A | D46: =+C46*(1+D47) -> 0 | E46: =+D46*(1+E47) -> 0 | F46: =+E46*(1+F47) -> 0 | G46: =+F46*(1+G47) -> 0 | H46: =+G46*(1+H47) -> 0
A47: Taxa de crescimento
A48: Serviço B | D48: =+C48*(1+D49) -> 0 | E48: =+D48*(1+E49) -> 0 | F48: =+E48*(1+F49) -> 0 | G48: =+F48*(1+G49) -> 0 | H48: =+G48*(1+H49) -> 0
A49: Taxa de crescimento
A50: Serviço C | D50: =+C50*(1+D51) -> 0 | E50: =+D50*(1+E51) -> 0 | F50: =+E50*(1+F51) -> 0 | G50: =+F50*(1+G51) -> 0 | H50: =+G50*(1+H51) -> 0
A51: Taxa de crescimento
A52: Serviço D | D52: =+C52*(1+D53) -> 0 | E52: =+D52*(1+E53) -> 0 | F52: =+E52*(1+F53) -> 0 | G52: =+F52*(1+G53) -> 0 | H52: =+G52*(1+H53) -> 0
A53: Taxa de crescimento
A54: TOTAL | C54: =+C46+C48+C50+C52 -> 0 | D54: =+D46+D48+D50+D52 -> 0 | E54: =+E46+E48+E50+E52 -> 0 | F54: =+F46+F48+F50+F52 -> 0 | G54: =+G46+G48+G50+G52 -> 0 | H54: =+H46+H48+H50+H52 -> 0
A57: PRESTAÇÕES DE SERVIÇOS - EXPORTAÇÕES | C57: =+C8 -> 2011 | D57: =+D8 -> 2012 | E57: =+E8 -> 2013 | F57: =+F8 -> 2014 | G57: =+G8 -> 2015 | H57: =+H8 -> 2016
A58: Serviço A | D58: =+C58*(1+D59) -> 0 | E58: =+D58*(1+E59) -> 0 | F58: =+E58*(1+F59) -> 0 | G58: =+F58*(1+G59) -> 0 | H58: =+G58*(1+H59) -> 0
A59: Taxa de crescimento
A60: Serviço B | D60: =+C60*(1+D61) -> 0 | E60: =+D60*(1+E61) -> 0 | F60: =+E60*(1+F61) -> 0 | G60: =+F60*(1+G61) -> 0 | H60: =+G60*(1+H61) -> 0
A61: Taxa de crescimento
A62: Serviço C | D62: =+C62*(1+D63) -> 0 | E62: =+D62*(1+E63) -> 0 | F62: =+E62*(1+F63) -> 0 | G62: =+F62*(1+G63) -> 0 | H62: =+G62*(1+H63) -> 0
A63: Taxa de crescimento
A64: Serviço D | D64: =+C64*(1+D65) -> 0 | E64: =+D64*(1+E65) -> 0 | F64: =+E64*(1+F65) -> 0 | G64: =+F64*(1+G65) -> 0 | H64: =+G64*(1+H65) -> 0
A65: Taxa de crescimento
A66: TOTAL | C66: =+C58+C60+C62+C64 -> 0 | D66: =+D58+D60+D62+D64 -> 0 | E66: =+E58+E60+E62+E64 -> 0 | F66: =+F58+F60+F62+F64 -> 0 | G66: =+G58+G60+G62+G64 -> 0 | H66: =+H58+H60+H62+H64 -> 0
A69: TOTAL VENDAS - MERCADO NACIONAL | C69: =+C29 -> 582777.88 | D69: =+D29 -> 772746.65 | E69: =+E29 -> 986935.62 | F69: =+F29 -> 1204226.8 | G69: =+G29 -> 1434679.6 | H69: =+H29 -> 1551631.9
A70: TOTAL VENDAS - EXPORTAÇÕES | C70: =+C41 -> 0 | D70: =+D41 -> 0 | E70: =+E41 -> 0 | F70: =+F41 -> 14321.553 | G70: =+G41 -> 16226.32 | H70: =+H41 -> 17548.765
A71: TOTAL VENDAS | C71: =+C69+C70 -> 582777.88 | D71: =+D69+D70 -> 772746.65 | E71: =+E69+E70 -> 986935.62 | F71: =+F69+F70 -> 1218548.4 | G71: =+G69+G70 -> 1450906 | H71: =+H69+H70 -> 1569180.6
A72: IVA VENDAS | B72: =+Pressupostos!B17 -> 0.06 | C72: =+C69*$B$72 -> 34966.673 | D72: =+D69*$B$72 -> 46364.799 | E72: =+E69*$B$72 -> 59216.137 | F72: =+F69*$B$72 -> 72253.608 | G72: =+G69*$B$72 -> 86080.778 | H72: =+H69*$B$72 -> 93097.911
A75: TOTAL PRESTAÇÕES DE SERVIÇOS - MERCADO NACIONAL | C75: =+C54 -> 0 | D75: =+D54 -> 0 | E75: =+E54 -> 0 | F75: =+F54 -> 0 | G75: =+G54 -> 0 | H75: =+H54 -> 0
A76: TOTAL PRESTAÇÕES DE SERVIÇOS - EXPORTAÇÕES | C76: =+C66 -> 0 | D76: =+D66 -> 0 | E76: =+E66 -> 0 | F76: =+F66 -> 0 | G76: =+G66 -> 0 | H76: =+H66 -> 0
A77: TOTAL PRESTAÇÕES SERVIÇOS | C77: =+C75+C76 -> 0 | D77: =+D75+D76 -> 0 | E77: =+E75+E76 -> 0 | F77: =+F75+F76 -> 0 | G77: =+G75+G76 -> 0 | H77: =+H75+H76 -> 0
A78: IVA PRESTAÇÕES DE SERVIÇOS | B78: =+Pressupostos!B18 -> 0 | C78: =+C75*$B$78 -> 0 | D78: =+D75*$B$78 -> 0 | E78: =+E75*$B$78 -> 0 | F78: =+F75*$B$78 -> 0 | G78: =+G75*$B$78 -> 0 | H78: =+H75*$B$78 -> 0
A80: TOTAL VOLUME DE NEGÓCIOS | C80: =+C71+C77 -> 582777.88 | D80: =+D71+D77 -> 772746.65 | E80: =+E71+E77 -> 986935.62 | F80: =+F71+F77 -> 1218548.4 | G80: =+G71+G77 -> 1450906 | H80: =+H71+H77 -> 1569180.6
A82: IVA | C82: =+C72+C78 -> 34966.673 | D82: =+D72+D78 -> 46364.799 | E82: =+E72+E78 -> 59216.137 | F82: =+F72+F78 -> 72253.608 | G82: =+G72+G78 -> 86080.778 | H82: =+H72+H78 -> 93097.911
A84: TOTAL VOLUME DE NEGÓCIOS + IVA | C84: =+C80+C82 -> 617744.55 | D84: =+D80+D82 -> 819111.45 | E84: =+E80+E82 -> 1046151.8 | F84: =+F80+F82 -> 1290802 | G84: =+G80+G82 -> 1536986.7 | H84: =+H80+H82 -> 1662278.5
A87: Perdas por imparidade | C87: =+$B$87*C84 -> 0 | D87: =+$B$87*D84 -> 0 | E87: =+$B$87*E84 -> 0 | F87: =+$B$87*F84 -> 0 | G87: =+$B$87*G84 -> 0 | H87: =+$B$87*H84 -> 0

Sheet CMVMC
G1: EMPRESA: | H1: =+Pressupostos!E1 -> ALI,Conserva&Limpa, Lda
H2: =+Pressupostos!B9 -> Euros
A4: CMVMC - Custo das Mercadorias Vendidas e Matérias Consumidas
A7: CMVMC | B7: Margem Bruta | C7: =+VN!C8 -> 2011 | D7: =+VN!D8 -> 2012 | E7: =+VN!E8 -> 2013 | F7: =+VN!F8 -> 2014 | G7: =+VN!G8 -> 2015 | H7: =+VN!H8 -> 2016
A8: MERCADO NACIONAL | C8: =+SUM(C9:C12) -> 335943.84 | D8: =+SUM(D9:D12) -> 448100.17 | E8: =+SUM(E9:E12) -> 575119.39 | F8: =+SUM(F9:F12) -> 703647.99 | G8: =+SUM(G9:G12) -> 839764.71 | H8: =+SUM(H9:H12) -> 908223.61
A9: =+VN!A13 -> Alimentação | B9: 0.4 | C9: =VN!C13*(1-CMVMC!$B$9) -> 327551.4 | D9: =VN!D13*(1-CMVMC!$B$9) -> 438591.32 | E9: =VN!E13*(1-CMVMC!$B$9) -> 564686.33 | F9: =VN!F13*(1-CMVMC!$B$9) -> 692136.04 | G9: =VN!G13*(1-CMVMC!$B$9) -> 826964.13 | H9: =VN!H13*(1-CMVMC!$B$9) -> 894361.71
A10: =+VN!A17 -> Conservação e Limpeza | B10: 0.3 | C10: 1429 | D10: =VN!D17*(1-CMVMC!$B$10) -> 1619.2723 | E10: =VN!E17*(1-CMVMC!$B$10) -> 1784.6 | F10: =VN!F17*(1-CMVMC!$B$10) -> 1930.0449 | G10: =VN!G17*(1-CMVMC!$B$10) -> 2127.1024 | H10: =VN!H17*(1-CMVMC!$B$10) -> 2318.5417
A11: =+VN!A21 -> Bolo de aniversário com massa de manteiga | B11: 0.8 | C11: =VN!C21*(1-CMVMC!$B$11) -> 4965.3 | D11: =VN!D21*(1-CMVMC!$B$11) -> 5625.6849 | E11: =VN!E21*(1-CMVMC!$B$11) -> 6200.0673 | F11: =VN!F21*(1-CMVMC!$B$11) -> 6833.0942 | G11: =VN!G21*(1-CMVMC!$B$11) -> 7530.7531 | H11: =VN!H21*(1-CMVMC!$B$11) -> 8144.5095
A12: =+VN!A25 -> Bolo de aniversário com massa pão-de-ló | B12: 0.8 | C12: =VN!C25*(1-CMVMC!$B$12) -> 1998.136 | D12: =VN!D25*(1-CMVMC!$B$12) -> 2263.8881 | E12: =VN!E25*(1-CMVMC!$B$12) -> 2448.395 | F12: =VN!F25*(1-CMVMC!$B$12) -> 2748.813 | G12: =VN!G25*(1-CMVMC!$B$12) -> 3142.7179 | H12: =VN!H25*(1-CMVMC!$B$12) -> 3398.8494
A13: MERCADO EXTERNO | C13: =+C15+C14 -> 0 | D13: =+D15+D14 -> 0 | E13: =+E15+E14 -> 0 | F13: =+F15+F14 -> 14321.553 | G13: =+G15+G14 -> 16226.32 | H13: =+H15+H14 -> 17548.765
A14: =+VN!A33 -> Alimentação | C14: =VN!C33*(1-CMVMC!$B$14) -> 0 | D14: =VN!D33*(1-CMVMC!$B$14) -> 0 | E14: =VN!E33*(1-CMVMC!$B$14) -> 0 | F14: =VN!F33*(1-CMVMC!$B$14) -> 14321.553 | G14: =VN!G33*(1-CMVMC!$B$14) -> 16226.32 | H14: =VN!H33*(1-CMVMC!$B$14) -> 17548.765
A15: =+VN!A37 -> Produto B * | C15: =VN!C37*(1-CMVMC!$B$15) -> 0 | D15: =VN!D37*(1-CMVMC!$B$15) -> 0 | E15: =VN!E37*(1-CMVMC!$B$15) -> 0 | F15: =VN!F37*(1-CMVMC!$B$15) -> 0 | G15: =VN!G37*(1-CMVMC!$B$15) -> 0 | H15: =VN!H37*(1-CMVMC!$B$15) -> 0
A16: TOTAL CMVMC | C16: =+C8+C13 -> 335943.84 | D16: =+D8+D13 -> 448100.17 | E16: =+E8+E13 -> 575119.39 | F16: =+F8+F13 -> 717969.54 | G16: =+G8+G13 -> 855991.03 | H16: =+H8+H13 -> 925772.38
A18: IVA | B18: =+Pressupostos!B19 -> 0.06 | C18: =+C8*$B$18 -> 20156.63 | D18: =+D8*$B$18 -> 26886.01 | E18: =+E8*$B$18 -> 34507.164 | F18: =+F8*$B$18 -> 42218.879 | G18: =+G8*$B$18 -> 50385.883 | H18: =+H8*$B$18 -> 54493.417
A20: TOTAL CMVMC + IVA | C20: =+C16+C18 -> 356100.47 | D20: =+D16+D18 -> 474986.18 | E20: =+E16+E18 -> 609626.56 | F20: =+F16+F18 -> 760188.42 | G20: =+G16+G18 -> 906376.91 | H20: =+H16+H18 -> 980265.79
A23: NOTA: Mapa construído caso a caso:
A24: a) Introduzir a Margem Bruta directamente, quando conhecida e passível de ser utilizada, ou efectuar a respectiva fórmula de cálculo;
A25: b) Efectuar os cálculos auxiliares considerados necessários para alcançar a o nível de matéria-prima por unidade produzida e introduzir manualmente os valores;
A26: c) Caso não seja possível alcançar o nível do consumo de matéria-prima por produto, introduzir o valor do custo total, após a realização dos respectivos cálculos auxiliares.
A28: NOTA 2: Está disponível uma folha para cálculos auxiliares. Contém mapas para cálculo do CMVMC de projectos industriais.

Sheet FSE
J1: =+VN!G1 -> Empresa: | K1: =+Pressupostos!E1 -> ALI,Conserva&Limpa, Lda
K2: =+Pressupostos!B9 -> Euros
A4: FSE - Fornecimentos e Serviços Externos
F7: =+VN!C8 -> 2011 | G7: =+VN!D8 -> 2012 | H7: =+VN!E8 -> 2013 | I7: =+VN!F8 -> 2014 | J7: =+VN!G8 -> 2015 | K7: =+VN!H8 -> 2016
A8: Nº Meses | F8: 12 | G8: 12 | H8: 12 | I8: 12 | J8: 12 | K8: 12
A9: Taxa de crescimento | F9: 0 | G9: 0.02 | H9: 0.02 | I9: 0.02 | J9: 0.02 | K9: 0.02
B12: Tx IVA | C12: CF | D12: CV | E12: Valor Mensal | F12: =+VN!C8 -> 2011 | G12: =+VN!D8 -> 2012 | H12: =+VN!E8 -> 2013 | I12: =+VN!F8 -> 2014 | J12: =+VN!G8 -> 2015 | K12: =+VN!H8 -> 2016
A13: Subcontratos | B13: 0.23 | C13: =100%-D13 -> 1 | F13: =E13*$F$8 -> 0 | G13: =+E13*$G$8*(1+$G$9) -> 0 | H13: =+G13*(1+$H$9) -> 0 | I13: =+H13*(1+$I$9) -> 0 | J13: =+I13*(1+$J$9) -> 0 | K13: =+J13*(1+$K$9) -> 0
A14: Serviços especializados
A15: Trabalhos especializados | B15: 0.23 | C15: =100%-D15 -> 1 | E15: 100 | F15: =E15*$F$8 -> 1200 | G15: =+E15*$G$8*(1+$G$9) -> 1224 | H15: =+G15*(1+$H$9) -> 1248.48 | I15: =+H15*(1+$I$9) -> 1273.4496 | J15: =+I15*(1+$J$9) -> 1298.9186 | K15: =+J15*(1+$K$9) -> 1324.897
A16: Publicidade e propaganda | B16: 0.23 | C16: =100%-D16 -> 0 | D16: 1 | E16: 67 | F16: =E16*$F$8 -> 804 | G16: =+E16*$G$8*(1+$G$9) -> 820.08 | H16: =+G16*(1+$H$9) -> 836.4816 | I16: =+H16*(1+$I$9) -> 853.21123 | J16: =+I16*(1+$J$9) -> 870.27546 | K16: =+J16*(1+$K$9) -> 887.68097
A17: Vigilância e segurança | B17: 0.23 | C17: =100%-D17 -> 1 | F17: =E17*$F$8 -> 0 | G17: =+E17*$G$8*(1+$G$9) -> 0 | H17: =+G17*(1+$H$9) -> 0 | I17: =+H17*(1+$I$9) -> 0 | J17: =+I17*(1+$J$9) -> 0 | K17: =+J17*(1+$K$9) -> 0
A18: Honorários | B18: 0.23 | C18: =100%-D18 -> 1 | E18: 400 | F18: =E18*$F$8 -> 4800 | G18: =+E18*$G$8*(1+$G$9) -> 4896 | H18: =+G18*(1+$H$9) -> 4993.92 | I18: =+H18*(1+$I$9) -> 5093.7984 | J18: =+I18*(1+$J$9) -> 5195.6744 | K18: =+J18*(1+$K$9) -> 5299.5879
A19: Comissões | B19: 0.23 | C19: =100%-D19 -> 1 | F19: =E19*$F$8 -> 0 | G19: =+E19*$G$8*(1+$G$9) -> 0 | H19: =+G19*(1+$H$9) -> 0 | I19: =+H19*(1+$I$9) -> 0 | J19: =+I19*(1+$J$9) -> 0 | K19: =+J19*(1+$K$9) -> 0
A20: Conservação e reparação | B20: 0.23 | C20: =100%-D20 -> 1 | E20: 76 | F20: =E20*$F$8 -> 912 | G20: =+E20*$G$8*(1+$G$9) -> 930.24 | H20: =+G20*(1+$H$9) -> 948.8448 | I20: =+H20*(1+$I$9) -> 967.8217 | J20: =+I20*(1+$J$9) -> 987.17813 | K20: =+J20*(1+$K$9) -> 1006.9217
A21: Materiais
A22: Ferramentas e utensilios de desgaste rápido | B22: 0.23 | C22: =100%-D22 -> 0 | D22: 1 | E22: 8.3 | F22: =E22*$F$8 -> 99.6 | G22: =+E22*$G$8*(1+$G$9) -> 101.592 | H22: =+G22*(1+$H$9) -> 103.62384 | I22: =+H22*(1+$I$9) -> 105.69632 | J22: =+I22*(1+$J$9) -> 107.81024 | K22: =+J22*(1+$K$9) -> 109.96645
A23: Livros e documentação técnica | B23: 0.23 | C23: =100%-D23 -> 1 | E23: 7.5 | F23: =E23*$F$8 -> 90 | G23: =+E23*$G$8*(1+$G$9) -> 91.8 | H23: =+G23*(1+$H$9) -> 93.636 | I23: =+H23*(1+$I$9) -> 95.50872 | J23: =+I23*(1+$J$9) -> 97.418894 | K23: =+J23*(1+$K$9) -> 99.367272
A24: Material de escritório | B24: 0.23 | C24: =100%-D24 -> 0.2 | D24: 0.8 | E24: 34 | F24: =E24*$F$8 -> 408 | G24: =+E24*$G$8*(1+$G$9) -> 416.16 | H24: =+G24*(1+$H$9) -> 424.4832 | I24: =+H24*(1+$I$9) -> 432.97286 | J24: =+I24*(1+$J$9) -> 441.63232 | K24: =+J24*(1+$K$9) -> 450.46497
A25: Artigos para oferta | B25: 0.23 | C25: =100%-D25 -> 1 | F25: =E25*$F$8 -> 0 | G25: =+E25*$G$8*(1+$G$9) -> 0 | H25: =+G25*(1+$H$9) -> 0 | I25: =+H25*(1+$I$9) -> 0 | J25: =+I25*(1+$J$9) -> 0 | K25: =+J25*(1+$K$9) -> 0
A26: Energia e fluidos
A27: Electricidade | B27: 0.06 | C27: =100%-D27 -> 0.1 | D27: 0.9 | E27: 276.92 | F27: =E27*$F$8 -> 3323.04 | G27: =+E27*$G$8*(1+$G$9) -> 3389.5008 | H27: =+G27*(1+$H$9) -> 3457.2908 | I27: =+H27*(1+$I$9) -> 3526.4366 | J27: =+I27*(1+$J$9) -> 3596.9654 | K27: =+J27*(1+$K$9) -> 3668.9047
A28: Combustíveis | B28: 0.23 | C28: =100%-D28 -> 0 | D28: 1 | E28: 1450.84 | F28: =E28*$F$8 -> 17410.08 | G28: =+E28*$G$8*(1+$G$9) -> 17758.282 | H28: =+G28*(1+$H$9) -> 18113.447 | I28: =+H28*(1+$I$9) -> 18475.716 | J28: =+I28*(1+$J$9) -> 18845.231 | K28: =+J28*(1+$K$9) -> 19222.135
A29: Água | B29: 0.06 | C29: =100%-D29 -> 0.1 | D29: 0.9 | E29: 101.56 | F29: =E29*$F$8 -> 1218.72 | G29: =+E29*$G$8*(1+$G$9) -> 1243.0944 | H29: =+G29*(1+$H$9) -> 1267.9563 | I29: =+H29*(1+$I$9) -> 1293.3154 | J29: =+I29*(1+$J$9) -> 1319.1817 | K29: =+J29*(1+$K$9) -> 1345.5654
A30: Deslocações, estadas e transportes
A31: Deslocações e Estadas | B31: 0.23 | C31: =100%-D31 -> 1 | F31: =E31*$F$8 -> 0 | G31: =+E31*$G$8*(1+$G$9) -> 0 | H31: =+G31*(1+$H$9) -> 0 | I31: =+H31*(1+$I$9) -> 0 | J31: =+I31*(1+$J$9) -> 0 | K31: =+J31*(1+$K$9) -> 0
A32: Transportes de pessoal | B32: 0.23 | C32: =100%-D32 -> 1 | F32: =E32*$F$8 -> 0 | G32: =+E32*$G$8*(1+$G$9) -> 0 | H32: =+G32*(1+$H$9) -> 0 | I32: =+H32*(1+$I$9) -> 0 | J32: =+I32*(1+$J$9) -> 0 | K32: =+J32*(1+$K$9) -> 0
A33: Transportes de mercadorias | B33: 0.23 | C33: =100%-D33 -> 1 | F33: =E33*$F$8 -> 0 | G33: =+E33*$G$8*(1+$G$9) -> 0 | H33: =+G33*(1+$H$9) -> 0 | I33: =+H33*(1+$I$9) -> 0 | J33: =+I33*(1+$J$9) -> 0 | K33: =+J33*(1+$K$9) -> 0
A34: Serviços diversos
A35: Rendas e alugueres | B35: 0.23 | C35: =100%-D35 -> 1 | E35: 6350 | F35: =E35*$F$8 -> 76200 | G35: =+E35*$G$8*(1+$G$9) -> 77724 | H35: =+G35*(1+$H$9) -> 79278.48 | I35: =+H35*(1+$I$9) -> 80864.05 | J35: =+I35*(1+$J$9) -> 82481.331 | K35: =+J35*(1+$K$9) -> 84130.957
A36: Comunicação | B36: 0.23 | C36: =100%-D36 -> 0.1 | D36: 0.9 | E36: 86.77 | F36: =E36*$F$8 -> 1041.24 | G36: =+E36*$G$8*(1+$G$9) -> 1062.0648 | H36: =+G36*(1+$H$9) -> 1083.3061 | I36: =+H36*(1+$I$9) -> 1104.9722 | J36: =+I36*(1+$J$9) -> 1127.0717 | K36: =+J36*(1+$K$9) -> 1149.6131
A37: Seguros | B37: 0 | C37: =100%-D37 -> 1 | E37: 71.5 | F37: =E37*$F$8 -> 858 | G37: =+E37*$G$8*(1+$G$9) -> 875.16 | H37: =+G37*(1+$H$9) -> 892.6632 | I37: =+H37*(1+$I$9) -> 910.51646 | J37: =+I37*(1+$J$9) -> 928.72679 | K37: =+J37*(1+$K$9) -> 947.30133
A38: Royalties | B38: 0.23 | C38: =100%-D38 -> 1 | F38: =E38*$F$8 -> 0 | G38: =+E38*$G$8*(1+$G$9) -> 0 | H38: =+G38*(1+$H$9) -> 0 | I38: =+H38*(1+$I$9) -> 0 | J38: =+I38*(1+$J$9) -> 0 | K38: =+J38*(1+$K$9) -> 0
A39: Contencioso e notariado | B39: 0.23 | C39: =100%-D39 -> 0 | D39: 1 | E39: 85 | F39: =E39*$F$8 -> 1020 | G39: =+E39*$G$8*(1+$G$9) -> 1040.4 | H39: =+G39*(1+$H$9) -> 1061.208 | I39: =+H39*(1+$I$9) -> 1082.4322 | J39: =+I39*(1+$J$9) -> 1104.0808 | K39: =+J39*(1+$K$9) -> 1126.1624
A40: Despesas de representação | B40: 0.23 | C40: =100%-D40 -> 1 | F40: =E40*$F$8 -> 0 | G40: =+E40*$G$8*(1+$G$9) -> 0 | H40: =+G40*(1+$H$9) -> 0 | I40: =+H40*(1+$I$9) -> 0 | J40: =+I40*(1+$J$9) -> 0 | K40: =+J40*(1+$K$9) -> 0
A41: Limpeza, higiene e conforto | B41: 0.23 | C41: =100%-D41 -> 0 | D41: 1 | E41: 67 | F41: =E41*$F$8 -> 804 | G41: =+E41*$G$8*(1+$G$9) -> 820.08 | H41: =+G41*(1+$H$9) -> 836.4816 | I41: =+H41*(1+$I$9) -> 853.21123 | J41: =+I41*(1+$J$9) -> 870.27546 | K41: =+J41*(1+$K$9) -> 887.68097
A42: Outros serviços | B42: 0.23 | C42: =100%-D42 -> 1 | F42: =E42*$F$8 -> 0 | G42: =+E42*$G$8*(1+$G$9) -> 0 | H42: =+G42*(1+$H$9) -> 0 | I42: =+H42*(1+$I$9) -> 0 | J42: =+I42*(1+$J$9) -> 0 | K42: =+J42*(1+$K$9) -> 0
A43: TOTAL FSE | F43: =SUM(F13:F42) -> 110188.68 | G43: =SUM(G13:G42) -> 112392.45 | H43: =SUM(H13:H42) -> 114640.3 | I43: =SUM(I13:I42) -> 116933.11 | J43: =SUM(J13:J42) -> 119271.77 | K43: =SUM(K13:K42) -> 121657.21
A45: FSE - Custos Fixos | F45: =(F13*$C$13)+(F15*$C$15)+(F16*$C$16)+(F17*$C$17)+(F18*$C$18)+(F19*$C$19)+(F20*$C$20)+(F22*$C$22)+(F23*$C$23)+(F24*$C$24)+(F25*$C$25)+(F27*$C$27)+(F28*$C$28)+(F29*$C$29)+(F31*$C$31)+(F32*$C$32)+(F33*$C$33)+(F35*$C$35)+(F36*$C$36)+(F37*$C$37)+(F38*$C$38)+(F39*$C$39)+(F40*$C$40)+(F41*$C$41)+(F42*$C$42) -> 84699.9 | G45: =(G13*$C$13)+(G15*$C$15)+(G16*$C$16)+(G17*$C$17)+(G18*$C$18)+(G19*$C$19)+(G20*$C$20)+(G22*$C$22)+(G23*$C$23)+(G24*$C$24)+(G25*$C$25)+(G27*$C$27)+(G28*$C$28)+(G29*$C$29)+(G31*$C$31)+(G32*$C$32)+(G33*$C$33)+(G35*$C$35)+(G36*$C$36)+(G37*$C$37)+(G38*$C$38)+(G39*$C$39)+(G40*$C$40)+(G41*$C$41)+(G42*$C$42) -> 86393.898 | H45: =(H13*$C$13)+(H15*$C$15)+(H16*$C$16)+(H17*$C$17)+(H18*$C$18)+(H19*$C$19)+(H20*$C$20)+(H22*$C$22)+(H23*$C$23)+(H24*$C$24)+(H25*$C$25)+(H27*$C$27)+(H28*$C$28)+(H29*$C$29)+(H31*$C$31)+(H32*$C$32)+(H33*$C$33)+(H35*$C$35)+(H36*$C$36)+(H37*$C$37)+(H38*$C$38)+(H39*$C$39)+(H40*$C$40)+(H41*$C$41)+(H42*$C$42) -> 88121.776 | I45: =(I13*$C$13)+(I15*$C$15)+(I16*$C$16)+(I17*$C$17)+(I18*$C$18)+(I19*$C$19)+(I20*$C$20)+(I22*$C$22)+(I23*$C$23)+(I24*$C$24)+(I25*$C$25)+(I27*$C$27)+(I28*$C$28)+(I29*$C$29)+(I31*$C$31)+(I32*$C$32)+(I33*$C$33)+(I35*$C$35)+(I36*$C$36)+(I37*$C$37)+(I38*$C$38)+(I39*$C$39)+(I40*$C$40)+(I41*$C$41)+(I42*$C$42) -> 89884.211 | J45: =(J13*$C$13)+(J15*$C$15)+(J16*$C$16)+(J17*$C$17)+(J18*$C$18)+(J19*$C$19)+(J20*$C$20)+(J22*$C$22)+(J23*$C$23)+(J24*$C$24)+(J25*$C$25)+(J27*$C$27)+(J28*$C$28)+(J29*$C$29)+(J31*$C$31)+(J32*$C$32)+(J33*$C$33)+(J35*$C$35)+(J36*$C$36)+(J37*$C$37)+(J38*$C$38)+(J39*$C$39)+(J40*$C$40)+(J41*$C$41)+(J42*$C$42) -> 91681.896 | K45: =(K13*$C$13)+(K15*$C$15)+(K16*$C$16)+(K17*$C$17)+(K18*$C$18)+(K19*$C$19)+(K20*$C$20)+(K22*$C$22)+(K23*$C$23)+(K24*$C$24)+(K25*$C$25)+(K27*$C$27)+(K28*$C$28)+(K29*$C$29)+(K31*$C$31)+(K32*$C$32)+(K33*$C$33)+(K35*$C$35)+(K36*$C$36)+(K37*$C$37)+(K38*$C$38)+(K39*$C$39)+(K40*$C$40)+(K41*$C$41)+(K42*$C$42) -> 93515.534
A47: FSE - Custos Variáveis | F47: =(F13*$D$13)+(F15*$D$15)+(F16*$D$16)+(F17*$D$17)+(F18*$D$18)+(F19*$D$19)+(F20*$D$20)+(F22*$D$22)+(F23*$D$23)+(F24*$D$24)+(F25*$D$25)+(F27*$D$27)+(F28*$D$28)+(F29*$D$29)+(F31*$D$31)+(F32*$D$32)+(F33*$D$33)+(F35*$D$35)+(F36*$D$36)+(F37*$D$37)+(F38*$D$38)+(F39*$D$39)+(F40*$D$40)+(F41*$D$41)+(F42*$D$42) -> 25488.78 | G47: =(G13*$D$13)+(G15*$D$15)+(G16*$D$16)+(G17*$D$17)+(G18*$D$18)+(G19*$D$19)+(G20*$D$20)+(G22*$D$22)+(G23*$D$23)+(G24*$D$24)+(G25*$D$25)+(G27*$D$27)+(G28*$D$28)+(G29*$D$29)+(G31*$D$31)+(G32*$D$32)+(G33*$D$33)+(G35*$D$35)+(G36*$D$36)+(G37*$D$37)+(G38*$D$38)+(G39*$D$39)+(G40*$D$40)+(G41*$D$41)+(G42*$D$42) -> 25998.556 | H47: =(H13*$D$13)+(H15*$D$15)+(H16*$D$16)+(H17*$D$17)+(H18*$D$18)+(H19*$D$19)+(H20*$D$20)+(H22*$D$22)+(H23*$D$23)+(H24*$D$24)+(H25*$D$25)+(H27*$D$27)+(H28*$D$28)+(H29*$D$29)+(H31*$D$31)+(H32*$D$32)+(H33*$D$33)+(H35*$D$35)+(H36*$D$36)+(H37*$D$37)+(H38*$D$38)+(H39*$D$39)+(H40*$D$40)+(H41*$D$41)+(H42*$D$42) -> 26518.527 | I47: =(I13*$D$13)+(I15*$D$15)+(I16*$D$16)+(I17*$D$17)+(I18*$D$18)+(I19*$D$19)+(I20*$D$20)+(I22*$D$22)+(I23*$D$23)+(I24*$D$24)+(I25*$D$25)+(I27*$D$27)+(I28*$D$28)+(I29*$D$29)+(I31*$D$31)+(I32*$D$32)+(I33*$D$33)+(I35*$D$35)+(I36*$D$36)+(I37*$D$37)+(I38*$D$38)+(I39*$D$39)+(I40*$D$40)+(I41*$D$41)+(I42*$D$42) -> 27048.897 | J47: =(J13*$D$13)+(J15*$D$15)+(J16*$D$16)+(J17*$D$17)+(J18*$D$18)+(J19*$D$19)+(J20*$D$20)+(J22*$D$22)+(J23*$D$23)+(J24*$D$24)+(J25*$D$25)+(J27*$D$27)+(J28*$D$28)+(J29*$D$29)+(J31*$D$31)+(J32*$D$32)+(J33*$D$33)+(J35*$D$35)+(J36*$D$36)+(J37*$D$37)+(J38*$D$38)+(J39*$D$39)+(J40*$D$40)+(J41*$D$41)+(J42*$D$42) -> 27589.875 | K47: =(K13*$D$13)+(K15*$D$15)+(K16*$D$16)+(K17*$D$17)+(K18*$D$18)+(K19*$D$19)+(K20*$D$20)+(K22*$D$22)+(K23*$D$23)+(K24*$D$24)+(K25*$D$25)+(K27*$D$27)+(K28*$D$28)+(K29*$D$29)+(K31*$D$31)+(K32*$D$32)+(K33*$D$33)+(K35*$D$35)+(K36*$D$36)+(K37*$D$37)+(K38*$D$38)+(K39*$D$39)+(K40*$D$40)+(K41*$D$41)+(K42*$D$42) -> 28141.673
A49: TOTAL FSE | F49: =F45+F47 -> 110188.68 | G49: =G45+G47 -> 112392.45 | H49: =H45+H47 -> 114640.3 | I49: =I45+I47 -> 116933.11 | J49: =J45+J47 -> 119271.77 | K49: =K45+K47 -> 121657.21
A51: IVA | F51: =(F13*$B$13)+(F15*$B$15)+(F16*$B$16)+(F17*$B$17)+(F18*$B$18)+(F19*$B$19)+(F20*$B$20)+(F22*$B$22)+(F23*$B$23)+(F24*$B$24)+(F25*$B$25)+(F27*$B$27)+(F29*$B$29)+(F36*$B$36)+(F41*$B$41) -> 2609.0388 | G51: =(G13*$B$13)+(G15*$B$15)+(G16*$B$16)+(G17*$B$17)+(G18*$B$18)+(G19*$B$19)+(G20*$B$20)+(G22*$B$22)+(G23*$B$23)+(G24*$B$24)+(G25*$B$25)+(G27*$B$27)+(G29*$B$29)+(G36*$B$36)+(G41*$B$41) -> 2661.2196 | H51: =(H13*$B$13)+(H15*$B$15)+(H16*$B$16)+(H17*$B$17)+(H18*$B$18)+(H19*$B$19)+(H20*$B$20)+(H22*$B$22)+(H23*$B$23)+(H24*$B$24)+(H25*$B$25)+(H27*$B$27)+(H29*$B$29)+(H36*$B$36)+(H41*$B$41) -> 2714.444 | I51: =(I13*$B$13)+(I15*$B$15)+(I16*$B$16)+(I17*$B$17)+(I18*$B$18)+(I19*$B$19)+(I20*$B$20)+(I22*$B$22)+(I23*$B$23)+(I24*$B$24)+(I25*$B$25)+(I27*$B$27)+(I29*$B$29)+(I36*$B$36)+(I41*$B$41) -> 2768.7328 | J51: =(J13*$B$13)+(J15*$B$15)+(J16*$B$16)+(J17*$B$17)+(J18*$B$18)+(J19*$B$19)+(J20*$B$20)+(J22*$B$22)+(J23*$B$23)+(J24*$B$24)+(J25*$B$25)+(J27*$B$27)+(J29*$B$29)+(J36*$B$36)+(J41*$B$41) -> 2824.1075 | K51: =(K13*$B$13)+(K15*$B$15)+(K16*$B$16)+(K17*$B$17)+(K18*$B$18)+(K19*$B$19)+(K20*$B$20)+(K22*$B$22)+(K23*$B$23)+(K24*$B$24)+(K25*$B$25)+(K27*$B$27)+(K29*$B$29)+(K36*$B$36)+(K41*$B$41) -> 2880.5897
A53: FSE + IVA | F53: =F43+F51 -> 112797.72 | G53: =G43+G51 -> 115053.67 | H53: =H43+H51 -> 117354.75 | I53: =I43+I51 -> 119701.84 | J53: =J43+J51 -> 122095.88 | K53: =K43+K51 -> 124537.8

Sheet Gastos com Pessoal
H1: =+VN!G1 -> Empresa: | I1: =+Pressupostos!E1 -> ALI,Conserva&Limpa, Lda
I2: =+Pressupostos!B9 -> Euros
A4: Gastos com o Pessoal
D6: =+VN!C8 -> 2011 | E6: =+VN!D8 -> 2012 | F6: =+VN!E8 -> 2013 | G6: =+VN!F8 -> 2014 | H6: =+VN!G8 -> 2015 | I6: =+VN!H8 -> 2016
A7: Nº Meses | D7: 14 | E7: 14 | F7: 14 | G7: =+F7 -> 14 | H7: =+G7 -> 14 | I7: =+H7 -> 14
A8: Incremento Anual (Vencimentos + Sub. Almoço) | D8: 0 | E8: 0.02 | F8: 0.02 | G8: 0.025 | H8: 0.025 | I8: 0.025
A11: Quadro de Pessoal | D11: =+D6 -> 2011 | E11: =+E6 -> 2012 | F11: =+F6 -> 2013 | G11: =+G6 -> 2014 | H11: =+H6 -> 2015 | I11: =+I6 -> 2016
A12: Administração / Direcção | D12: 2 | E12: 2 | F12: 2 | G12: =F12*(1+G8) -> 2.05 | H12: =G12*(1+H8) -> 2.10125 | I12: =H12*(1+I8) -> 2.1537812
A13: Administrativa Financeira | D13: 2 | E13: 2 | F13: 2 | G13: 2 | H13: 2 | I13: 2
A14: Comercial / Marketing | D14: 2 | E14: 4 | F14: 5 | G14: 5 | H14: 5 | I14: 5
A15: Produção / Operacional | D15: 1 | E15: 2 | F15: 2 | G15: 3 | H15: 3 | I15: 3
A16: Qualidade | D16: 1 | E16: 1 | F16: 1 | G16: 1 | H16: 1 | I16: 1
A17: Manutenção
A18: Aprovisionamento | D18: 2 | E18: 2 | F18: 2 | G18: 2 | H18: 2 | I18: 2
A19: Investigação & Desenvolvimento
A20: Outros | D20: 1 | E20: 1 | F20: 1 | G20: 1 | H20: 1 | I20: 1
A21: Distribuição | D21: 1 | E21: 1 | F21: 1 | G21: 2 | H21: 2 | I21: 2
A22: Informática | D22: 1 | E22: 0 | F22: 0 | G22: 0 | H22: 0 | I22: 0
A23: TOTAL | D23: =+SUM(D12:D22) -> 13 | E23: =+SUM(E12:E22) -> 15 | F23: =+SUM(F12:F22) -> 16 | G23: =+SUM(G12:G22) -> 18.05 | H23: =+SUM(H12:H22) -> 18.10125 | I23: =+SUM(I12:I22) -> 18.153781
A26: Remuneração base mensal | D26: =+D11 -> 2011 | E26: =+E11 -> 2012 | F26: =+F11 -> 2013 | G26: =+G11 -> 2014 | H26: =+H11 -> 2015 | I26: =+I11 -> 2016
A27: =+A12 -> Administração / Direcção | D27: 1656 | E27: =+ROUND(D27*(1+$E$8),2) -> 1689.12 | F27: =+ROUND(E27*(1+F8),2) -> 1722.9 | G27: =+ROUND(F27*(1+G8),2) -> 1765.97 | H27: =+ROUND(G27*(1+H8),2) -> 1810.12 | I27: =+ROUND(H27*(1+I8),2) -> 1855.37
A28: =+A13 -> Administrativa Financeira | D28: 982.67 | E28: =+ROUND(D28*(1+E8),2) -> 1002.32 | F28: =+ROUND(E28*(1+F8),2) -> 1022.37 | G28: =+ROUND(F28*(1+G8),2) -> 1047.93 | H28: =+ROUND(G28*(1+H8),2) -> 1074.13 | I28: =+ROUND(H28*(1+I8),2) -> 1100.98
A29: =+A14 -> Comercial / Marketing | D29: 803.47 | E29: =+ROUND(D29*(1+E8),2) -> 819.54 | F29: =+ROUND(E29*(1+F8),2) -> 835.93 | G29: =+ROUND(F29*(1+G8),2) -> 856.83 | H29: =+ROUND(G29*(1+H8),2) -> 878.25 | I29: =+ROUND(H29*(1+I8),2) -> 900.21
A30: =+A15 -> Produção / Operacional | D30: 515.15 | E30: =+ROUND(D30*(1+E8),2) -> 525.45 | F30: =+ROUND(E30*(1+F8),2) -> 535.96 | G30: =+ROUND(F30*(1+G8),2) -> 549.36 | H30: =+ROUND(G30*(1+H8),2) -> 563.09 | I30: =+ROUND(H30*(1+I8),2) -> 577.17
A31: =+A16 -> Qualidade | D31: 750.98 | E31: =+ROUND(D31*(1+E8),2) -> 766 | F31: =+ROUND(E31*(1+F8),2) -> 781.32 | G31: =+ROUND(F31*(1+G8),2) -> 800.85 | H31: =+ROUND(G31*(1+H8),2) -> 820.87 | I31: =+ROUND(H31*(1+I8),2) -> 841.39
A32: =+A17 -> Manutenção | E32: =+ROUND(D32*(1+E8),2) -> 0 | F32: =+ROUND(E32*(1+F8),2) -> 0 | G32: =+ROUND(F32*(1+G8),2) -> 0 | H32: =+ROUND(G32*(1+H8),2) -> 0 | I32: =+ROUND(H32*(1+I8),2) -> 0
A33: =+A18 -> Aprovisionamento | D33: 950.54 | E33: =+ROUND(D33*(1+E8),2) -> 969.55 | F33: =+ROUND(E33*(1+F8),2) -> 988.94 | G33: =+ROUND(F33*(1+G8),2) -> 1013.66 | H33: =+ROUND(G33*(1+H8),2) -> 1039 | I33: =+ROUND(H33*(1+I8),2) -> 1064.98
A34: =+A19 -> Investigação & Desenvolvimento | E34: =+ROUND(D34*(1+E8),2) -> 0 | F34: =+ROUND(E34*(1+F8),2) -> 0 | G34: =+ROUND(F34*(1+G8),2) -> 0 | H34: =+ROUND(G34*(1+H8),2) -> 0 | I34: =+ROUND(H34*(1+I8),2) -> 0
A35: =+A20 -> Outros | D35: 485 | E35: =+ROUND(D35*(1+E8),2) -> 494.7 | F35: =+ROUND(E35*(1+F8),2) -> 504.59 | G35: =+ROUND(F35*(1+G8),2) -> 517.2 | H35: =+ROUND(G35*(1+H8),2) -> 530.13 | I35: =+ROUND(H35*(1+I8),2) -> 543.38
A36: =+A21 -> Distribuição | D36: 1000 | E36: =+ROUND(D36*(1+E8),2) -> 1020 | F36: =+ROUND(E36*(1+F8),2) -> 1040.4 | G36: =+ROUND(F36*(1+G8),2) -> 1066.41 | H36: =+ROUND(G36*(1+H8),2) -> 1093.07 | I36: =+ROUND(H36*(1+I8),2) -> 1120.4
A37: =+A22 -> Informática | D37: 725.75 | E37: =+ROUND(D37*(1+E8),2) -> 740.27 | F37: =+ROUND(E37*(1+F8),2) -> 755.08 | G37: =+ROUND(F37*(1+G8),2) -> 773.96 | H37: =+ROUND(G37*(1+H8),2) -> 793.31 | I37: =+ROUND(H37*(1+I8),2) -> 813.14
A40: Remuneração base anual - TOTAL Colaboradores | D40: =+D26 -> 2011 | E40: =+E26 -> 2012 | F40: =+F26 -> 2013 | G40: =+G26 -> 2014 | H40: =+H26 -> 2015 | I40: =+I26 -> 2016
A41: =+A27 -> Administração / Direcção | D41: =+D12*D27*D7 -> 46368 | E41: =+E12*E27*E7 -> 47295.36 | F41: =+F12*F27*F7 -> 48241.2 | G41: =+G12*G27*G7 -> 50683.339 | H41: =+H12*H27*H7 -> 53249.205 | I41: =+I12*I27*I7 -> 55944.856
A42: =+A28 -> Administrativa Financeira | D42: =+D13*D28*D7 -> 27514.76 | E42: =+E13*E28*E7 -> 28064.96 | F42: =+F13*F28*F7 -> 28626.36 | G42: =+G13*G28*G7 -> 29342.04 | H42: =+H13*H28*H7 -> 30075.64 | I42: =+I13*I28*I7 -> 30827.44
A43: =+A29 -> Comercial / Marketing | D43: =+D14*D29*D7 -> 22497.16 | E43: =+E14*E29*E7 -> 45894.24 | F43: =+F14*F29*F7 -> 58515.1 | G43: =+G14*G29*G7 -> 59978.1 | H43: =+H14*H29*H7 -> 61477.5 | I43: =+I14*I29*I7 -> 63014.7
A44: =+A30 -> Produção / Operacional | D44: =+D15*D30*D7 -> 7212.1 | E44: =+E15*E30*E7 -> 14712.6 | F44: =+F15*F30*F7 -> 15006.88 | G44: =+G15*G30*G7 -> 23073.12 | H44: =+H15*H30*H7 -> 23649.78 | I44: =+I15*I30*I7 -> 24241.14
A45: =+A31 -> Qualidade | D45: =+D16*D31*D7 -> 10513.72 | E45: =+E16*E31*E7 -> 10724 | F45: =+F16*F31*F7 -> 10938.48 | G45: =+G16*G31*G7 -> 11211.9 | H45: =+H16*H31*H7 -> 11492.18 | I45: =+I16*I31*I7 -> 11779.46
A46: =+A32 -> Manutenção | D46: =+D17*D32*D7 -> 0 | E46: =+E17*E32*E7 -> 0 | F46: =+F17*F32*F7 -> 0 | G46: =+G17*G32*G7 -> 0 | H46: =+H17*H32*H7 -> 0 | I46: =+I17*I32*I7 -> 0
A47: =+A33 -> Aprovisionamento | D47: =+D18*D33*D7 -> 26615.12 | E47: =+E18*E33*E7 -> 27147.4 | F47: =+F18*F33*F7 -> 27690.32 | G47: =+G18*G33*G7 -> 28382.48 | H47: =+H18*H33*H7 -> 29092 | I47: =+I18*I33*I7 -> 29819.44
A48: =+A34 -> Investigação & Desenvolvimento | D48: =+D19*D34*D7 -> 0 | E48: =+E19*E34*E7 -> 0 | F48: =+F19*F34*F7 -> 0 | G48: =+G19*G34*G7 -> 0 | H48: =+H19*H34*H7 -> 0 | I48: =+I19*I34*I7 -> 0
A49: =+A35 -> Outros | D49: =+D20*D35*D7 -> 6790 | E49: =+E20*E35*E7 -> 6925.8 | F49: =+F20*F35*F7 -> 7064.26 | G49: =+G20*G35*G7 -> 7240.8 | H49: =+H20*H35*H7 -> 7421.82 | I49: =+I20*I35*I7 -> 7607.32
A50: =+A36 -> Distribuição | D50: =+D21*D36*D7 -> 14000 | E50: =+E21*E36*E7 -> 14280 | F50: =+F21*F36*F7 -> 14565.6 | G50: =+G21*G36*G7 -> 29859.48 | H50: =+H21*H36*H7 -> 30605.96 | I50: =+I21*I36*I7 -> 31371.2
A51: =+A37 -> Informática | D51: =+D22*D37*D7 -> 10160.5 | E51: =+E22*E37*E7 -> 0 | F51: =+F22*F37*F7 -> 0 | G51: =+G22*G37*G7 -> 0 | H51: =+H22*H37*H7 -> 0 | I51: =+I22*I37*I7 -> 0
A52: TOTAL | D52: =+SUM(D41:D51) -> 171671.36 | E52: =+SUM(E41:E51) -> 195044.36 | F52: =+SUM(F41:F51) -> 210648.2 | G52: =+SUM(G41:G51) -> 239771.26 | H52: =+SUM(H41:H51) -> 247064.09 | I52: =+SUM(I41:I51) -> 254605.56
A55: Outros Gastos | D55: =+D6 -> 2011 | E55: =+E6 -> 2012 | F55: =+F6 -> 2013 | G55: =+G6 -> 2014 | H55: =+H6 -> 2015 | I55: =+I6 -> 2016
A56: Segurança Social
A57: Órgãos Sociais | C57: =+Pressupostos!B23 -> 0.203 | D57: =$C$57*(D41+D62) -> 9412.704 | E57: =$C$57*(E41+E62) -> 9600.9581 | F57: =$C$57*(F41+F62) -> 9792.9636 | G57: =$C$57*(G41+G62) -> 10288.718 | H57: =$C$57*(H41+H62) -> 10809.589 | I57: =$C$57*(I41+I62) -> 11356.806
A58: Pessoal | C58: =+Pressupostos!B24 -> 0.2375 | D58: =+$C$58*(SUM(D42:D51)+D63) -> 29759.548 | E58: =+$C$58*(SUM(E42:E51)+E63) -> 35090.387 | F58: =+$C$58*(SUM(F42:F51)+F63) -> 38571.662 | G58: =+$C$58*(SUM(G42:G51)+G63) -> 44908.381 | H58: =+$C$58*(SUM(H42:H51)+H63) -> 46031.034 | I58: =+$C$58*(SUM(I42:I51)+I63) -> 47181.916
A59: Seguros Acidentes de Trabalho | C59: 0.0075 | D59: =+$C$59*D52 -> 1287.5352 | E59: =+$C$59*E52 -> 1462.8327 | F59: =+$C$59*F52 -> 1579.8615 | G59: =+$C$59*G52 -> 1798.2844 | H59: =+$C$59*H52 -> 1852.9806 | I59: =+$C$59*I52 -> 1909.5417
A60: Subsídio Alimentação | C60: 93.94 | D60: =+$C$60*11*D23 -> 13433.42 | E60: =+C60*(1+E8)*11*E23 -> 15810.102 | F60: =C60*(1+E8)*(1+F8)*11*F23 -> 17201.391 | G60: =+C60*(1+E8)*(1+F8)*(1+G8)*11*G23 -> 19890.452 | H60: =C60*(1+E8)*(1+F8)*(1+G8)*(1+H8)*11*H23 -> 20445.601 | I60: =C60*(1+E8)*(1+F8)*(1+G8)*(1+H8)*(1+I8)*11*I23 -> 21017.559
A61: Comissões & Prémios
A62: Órgãos Sociais
A63: Pessoal
A64: Formação | D64: =243+250 -> 493 | E64: =D64*(1+$E$8) -> 502.86 | F64: =E64*(1+$E$8) -> 512.9172 | G64: =F64*(1+$E$8) -> 523.17554 | H64: =G64*(1+$E$8) -> 533.63905 | I64: =H64*(1+$E$8) -> 544.31184
A65: Outros custos com pessoal | D65: =35*11 -> 385 | E65: =38.85*12 -> 466.2 | F65: =38.85*12 -> 466.2 | G65: =38.85*12 -> 466.2 | H65: =38.85*12 -> 466.2 | I65: =38.85*12 -> 466.2
A66: TOTAL OUTROS GASTOS | D66: =+SUM(D57:D65) -> 54771.207 | E66: =+SUM(E57:E65) -> 62933.34 | F66: =+SUM(F57:F65) -> 68124.996 | G66: =+SUM(G57:G65) -> 77875.211 | H66: =+SUM(H57:H65) -> 80139.043 | I66: =+SUM(I57:I65) -> 82476.335
A68: TOTAL GASTOS COM PESSOAL | D68: =D52+D66 -> 226442.57 | E68: =E52+E66 -> 257977.7 | F68: =F52+F66 -> 278773.2 | G68: =G52+G66 -> 317646.47 | H68: =H52+H66 -> 327203.13 | I68: =I52+I66 -> 337081.89
A71: QUADRO RESUMO | D71: =+D6 -> 2011 | E71: =+E6 -> 2012 | F71: =+F6 -> 2013 | G71: =+G6 -> 2014 | H71: =+H6 -> 2015 | I71: =+I6 -> 2016
A72: Remunerações
A73: Órgãos Sociais | D73: =D41+D62 -> 46368 | E73: =E41+E62 -> 47295.36 | F73: =F41+F62 -> 48241.2 | G73: =G41+G62 -> 50683.339 | H73: =H41+H62 -> 53249.205 | I73: =I41+I62 -> 55944.856
A74: Pessoal | D74: =+SUM(D42:D51)+D63 -> 125303.36 | E74: =+SUM(E42:E51)+E63 -> 147749 | F74: =+SUM(F42:F51)+F63 -> 162407 | G74: =+SUM(G42:G51)+G63 -> 189087.92 | H74: =+SUM(H42:H51)+H63 -> 193814.88 | I74: =+SUM(I42:I51)+I63 -> 198660.7
A75: Encargos sobre remunerações | D75: =+D57+D58 -> 39172.252 | E75: =+E57+E58 -> 44691.346 | F75: =+F57+F58 -> 48364.626 | G75: =+G57+G58 -> 55197.099 | H75: =+H57+H58 -> 56840.623 | I75: =+I57+I58 -> 58538.722
A76: Seguros Acidentes de Trabalho e doenças profissionais | D76: =+D59 -> 1287.5352 | E76: =+E59 -> 1462.8327 | F76: =+F59 -> 1579.8615 | G76: =+G59 -> 1798.2844 | H76: =+H59 -> 1852.9806 | I76: =+I59 -> 1909.5417
A77: Gastos de acção social | D77: =+D60 -> 13433.42 | E77: =+E60 -> 15810.102 | F77: =+F60 -> 17201.391 | G77: =+G60 -> 19890.452 | H77: =+H60 -> 20445.601 | I77: =+I60 -> 21017.559
A78: Outros gastos com pessoal | D78: =+D64+D65 -> 878 | E78: =+E64+E65 -> 969.06 | F78: =+F64+F65 -> 979.1172 | G78: =+G64+G65 -> 989.37554 | H78: =+H64+H65 -> 999.83905 | I78: =+I64+I65 -> 1010.5118
A79: TOTAL GASTOS COM PESSOAL | D79: =SUM(D73:D78) -> 226442.57 | E79: =SUM(E73:E78) -> 257977.7 | F79: =SUM(F73:F78) -> 278773.2 | G79: =SUM(G73:G78) -> 317646.47 | H79: =SUM(H73:H78) -> 327203.13 | I79: =SUM(I73:I78) -> 337081.89
A82: Retenções Colaboradores | D82: =+D71 -> 2011 | E82: =+E71 -> 2012 | F82: =+F71 -> 2013 | G82: =+G71 -> 2014 | H82: =+H71 -> 2015 | I82: =+I71 -> 2016
A83: Retenção SS Colaborador
A84: Gerência / Administração | C84: =+Pressupostos!B25 -> 0.093 | D84: =+$C$84*D73 -> 4312.224 | E84: =+$C$84*E73 -> 4398.4685 | F84: =+$C$84*F73 -> 4486.4316 | G84: =+$C$84*G73 -> 4713.5505 | H84: =+$C$84*H73 -> 4952.1761 | I84: =+$C$84*I73 -> 5202.8716
A85: Outro Pessoal | C85: =+Pressupostos!B26 -> 0.11 | D85: =+$C$85*D74 -> 13783.37 | E85: =+$C$85*E74 -> 16252.39 | F85: =+$C$85*F74 -> 17864.77 | G85: =+$C$85*G74 -> 20799.671 | H85: =+$C$85*H74 -> 21319.637 | I85: =+$C$85*I74 -> 21852.677
A86: Retenção IRS Colaborador | C86: =+Pressupostos!B27 -> 0.06 | D86: =+$C$86*(D73+D74) -> 10300.282 | E86: =+$C$86*(E73+E74) -> 11702.662 | F86: =+$C$86*(F73+F74) -> 12638.892 | G86: =+$C$86*(G73+G74) -> 14386.276 | H86: =+$C$86*(H73+H74) -> 14823.845 | I86: =+$C$86*(I73+I74) -> 15276.333
A87: TOTAL Retenções | D87: =SUM(D84:D86) -> 28395.875 | E87: =SUM(E84:E86) -> 32353.52 | F87: =SUM(F84:F86) -> 34990.094 | G87: =SUM(G84:G86) -> 39899.497 | H87: =SUM(H84:H86) -> 41095.658 | I87: =SUM(I84:I86) -> 42331.882

Sheet FundoManeio
G1: Empresa: | H1: =+Pressupostos!E1 -> ALI,Conserva&Limpa, Lda
H2: =+Pressupostos!B9 -> Euros
A4: Investimento em Fundo Maneio Necessário
C7: =+VN!C8 -> 2011 | D7: =+VN!D8 -> 2012 | E7: =+VN!E8 -> 2013 | F7: =+VN!F8 -> 2014 | G7: =+VN!G8 -> 2015 | H7: =+VN!H8 -> 2016
A8: Necessidades Fundo Maneio
A9: Reserva Segurança Tesouraria | C9: =(CMVMC!C20+FSE!F53+'Gastos com Pessoal'!D68)/(360/(Pressupostos!B13+Pressupostos!B15-Pressupostos!B14)) -> 28972.531 | D9: =+C9 -> 28972.531 | E9: =+D9 -> 28972.531 | F9: =+E9 -> 28972.531 | G9: =+F9 -> 28972.531 | H9: =+G9 -> 28972.531
A10: Clientes | C10: =VN!C84*Pressupostos!$C$13/12 -> 154436.14 | D10: =VN!D84*Pressupostos!$C$13/12 -> 204777.86 | E10: =VN!E84*Pressupostos!$C$13/12 -> 261537.94 | F10: =VN!F84*Pressupostos!$C$13/12 -> 322700.49 | G10: =VN!G84*Pressupostos!$C$13/12 -> 384246.68 | H10: =VN!H84*Pressupostos!$C$13/12 -> 415569.63
A11: Inventários | C11: =CMVMC!C16*Pressupostos!$C$15/12 -> 13997.66 | D11: =CMVMC!D16*Pressupostos!$C$15/12 -> 18670.84 | E11: =CMVMC!E16*Pressupostos!$C$15/12 -> 23963.308 | F11: =CMVMC!F16*Pressupostos!$C$15/12 -> 29915.398 | G11: =CMVMC!G16*Pressupostos!$C$15/12 -> 35666.293 | H11: =CMVMC!H16*Pressupostos!$C$15/12 -> 38573.849
A12: Estado | C12: =IF(C29<0,-C29,0) -> 0 | D12: =IF(D29<0,-D29,0) -> 0 | E12: =IF(E29<0,-E29,0) -> 0 | F12: =IF(F29<0,-F29,0) -> 0 | G12: =IF(G29<0,-G29,0) -> 0 | H12: =IF(H29<0,-H29,0) -> 0
A15: TOTAL | C15: =SUM(C9:C14) -> 197406.33 | D15: =SUM(D9:D14) -> 252421.23 | E15: =SUM(E9:E14) -> 314473.78 | F15: =SUM(F9:F14) -> 381588.42 | G15: =SUM(G9:G14) -> 448885.51 | H15: =SUM(H9:H14) -> 483116.01
A16: Recursos Fundo Maneio
A17: Fornecedores | C17: =(CMVMC!C20+FSE!F53)*Pressupostos!$C$14/12 -> 117224.55 | D17: =(CMVMC!D20+FSE!G53)*Pressupostos!$C$14/12 -> 147509.96 | E17: =(CMVMC!E20+FSE!H53)*Pressupostos!$C$14/12 -> 181745.33 | F17: =(CMVMC!F20+FSE!I53)*Pressupostos!$C$14/12 -> 219972.57 | G17: =(CMVMC!G20+FSE!J53)*Pressupostos!$C$14/12 -> 257118.2 | H17: =(CMVMC!H20+FSE!K53)*Pressupostos!$C$14/12 -> 276200.9
A18: Estado | C18: =IF(C29>0,C29,0) -> 6113.8045 | D18: =IF(D29>0,D29,0) -> 10551.37 | E18: =IF(E29>0,E29,0) -> 12444.859 | F18: =IF(F29>0,F29,0) -> 14741.215 | G18: =IF(G29>0,G29,0) -> 16379.054 | H18: =IF(H29>0,H29,0) -> 17336.86
A20: TOTAL | C20: =+SUM(C17:C19) -> 123338.35 | D20: =+SUM(D17:D19) -> 158061.33 | E20: =+SUM(E17:E19) -> 194190.18 | F20: =+SUM(F17:F19) -> 234713.78 | G20: =+SUM(G17:G19) -> 273497.25 | H20: =+SUM(H17:H19) -> 293537.76
A22: Fundo Maneio Necessário | C22: =+C15-C20 -> 74067.979 | D22: =+D15-D20 -> 94359.901 | E22: =+E15-E20 -> 120283.59 | F22: =+F15-F20 -> 146874.64 | G22: =+G15-G20 -> 175388.26 | H22: =+H15-H20 -> 189578.25
A24: Investimento em Fundo de Maneio | C24: =+C22 -> 74067.979 | D24: =+D22-C22 -> 20291.922 | E24: =+E22-D22 -> 25923.694 | F24: =+F22-E22 -> 26591.044 | G24: =+G22-F22 -> 28513.616 | H24: =+H22-G22 -> 14189.999
A26: * A considerar caso seja necessário
A29: ESTADO | C29: =+SUM(C30:C32) -> 6113.8045 | D29: =+SUM(D30:D32) -> 10551.37 | E29: =+SUM(E30:E32) -> 12444.859 | F29: =+SUM(F30:F32) -> 14741.215 | G29: =+SUM(G30:G32) -> 16379.054 | H29: =+SUM(H30:H32) -> 17336.86
A30: SS | C30: =('Gastos com Pessoal'!D84+'Gastos com Pessoal'!D85+'Gastos com Pessoal'!D57+'Gastos com Pessoal'!D58)/FSE!F8 -> 4772.3205 | D30: =('Gastos com Pessoal'!E84+'Gastos com Pessoal'!E85+'Gastos com Pessoal'!E57+'Gastos com Pessoal'!E58)/FSE!G8 -> 5445.1837 | E30: =('Gastos com Pessoal'!F84+'Gastos com Pessoal'!F85+'Gastos com Pessoal'!F57+'Gastos com Pessoal'!F58)/FSE!H8 -> 5892.9856 | F30: =('Gastos com Pessoal'!G84+'Gastos com Pessoal'!G85+'Gastos com Pessoal'!G57+'Gastos com Pessoal'!G58)/FSE!I8 -> 6725.86 | G30: =('Gastos com Pessoal'!H84+'Gastos com Pessoal'!H85+'Gastos com Pessoal'!H57+'Gastos com Pessoal'!H58)/FSE!J8 -> 6926.0363 | H30: =('Gastos com Pessoal'!I84+'Gastos com Pessoal'!I85+'Gastos com Pessoal'!I57+'Gastos com Pessoal'!I58)/FSE!K8 -> 7132.8559
A31: IRS | C31: ='Gastos com Pessoal'!D86/FSE!F8 -> 858.3568 | D31: ='Gastos com Pessoal'!E86/FSE!G8 -> 975.2218 | E31: ='Gastos com Pessoal'!F86/FSE!H8 -> 1053.241 | F31: ='Gastos com Pessoal'!G86/FSE!I8 -> 1198.8563 | G31: ='Gastos com Pessoal'!H86/FSE!J8 -> 1235.3204 | H31: ='Gastos com Pessoal'!I86/FSE!K8 -> 1273.0278
A32: IVA | C32: =(VN!C82-CMVMC!C18-FSE!F51-Investimento!C31)/4 -> 483.12724 | D32: =(VN!D82-CMVMC!D18-FSE!G51-Investimento!D31)/4 -> 4130.9648 | E32: =(VN!E82-CMVMC!E18-FSE!H51-Investimento!E31)/4 -> 5498.6325 | F32: =(VN!F82-CMVMC!F18-FSE!I51-Investimento!F31)/4 -> 6816.499 | G32: =(VN!G82-CMVMC!G18-FSE!J51-Investimento!G31)/4 -> 8217.697 | H32: =(VN!H82-CMVMC!H18-FSE!K51-Investimento!H31)/4 -> 8930.9762

Sheet Investimento
G1: Empresa: | H1: =+Pressupostos!E1 -> ALI,Conserva&Limpa, Lda
H2: =+Pressupostos!B9 -> Euros
A4: Investimento
A7: Investimento por ano | C7: =+VN!C8 -> 2011 | D7: =+VN!D8 -> 2012 | E7: =+VN!E8 -> 2013 | F7: =+VN!F8 -> 2014 | G7: =+VN!G8 -> 2015 | H7: =+VN!H8 -> 2016
A8: Propriedades de investimento
A9: Terrenos e recursos naturais
A10: Edificios e Outras construções
A11: Outras propriedades de investimento
A12: Total propriedades de investimento | C12: =+SUM(C9:C11) -> 0 | D12: =+SUM(D9:D11) -> 0 | E12: =+SUM(E9:E11) -> 0 | F12: =+SUM(F9:F11) -> 0 | G12: =+SUM(G9:G11) -> 0 | H12: =+SUM(H9:H11) -> 0
A13: Activos fixos tangíveis
A14: Terrenos e Recursos Naturais
A15: Edificios e Outras Construções
A16: Equipamento Básico | C16: 41518 | D16: 1277
A17: Equipamento de Transporte | C17: 16178.86 | F17: 21951
A18: Equipamento Administrativo | C18: 3127.63
A19: Equipamentos biológicos
A20: Outros activos fixos tangiveis
A21: Total Activos Fixos Tangíveis | C21: =+SUM(C14:C20) -> 60824.49 | D21: =+SUM(D14:D20) -> 1277 | E21: =+SUM(E14:E20) -> 0 | F21: =+SUM(F14:F20) -> 21951 | G21: =+SUM(G14:G20) -> 0 | H21: =+SUM(H14:H20) -> 0
A22: Activos Intangíveis
A23: Goodwill
A24: Projectos de desenvolvimento
A25: Programas de computador | C25: 5452.47
A26: Propriedade industrial | C26: 1900
A27: Outros activos intangíveis
A28: Total Activos Intangíveis | C28: =+SUM(C23:C27) -> 7352.47 | D28: =+SUM(D23:D27) -> 0 | E28: =+SUM(E23:E27) -> 0 | F28: =+SUM(F23:F27) -> 0 | G28: =+SUM(G23:G27) -> 0 | H28: =+SUM(H23:H27) -> 0
A29: Total Investimento | C29: =+C12+C21+C28 -> 68176.96 | D29: =+D12+D21+D28 -> 1277 | E29: =+E12+E21+E28 -> 0 | F29: =+F12+F21+F28 -> 21951 | G29: =+G12+G21+G28 -> 0 | H29: =+H12+H21+H28 -> 0
A31: IVA | B31: =+Pressupostos!B21 -> 0.23 | C31: =+$B$31*(C16+C18+C20) -> 10268.495 | D31: =+$B$31*(D16+D18+D20) -> 293.71 | E31: =+$B$31*(E16+E18+E20) -> 0 | F31: =+$B$31*(F16+F18+F20) -> 0 | G31: =+$B$31*(G16+G18+G20) -> 0 | H31: =+$B$31*(H16+H18+H20) -> 0
A33: Valores Acumulados | C33: =+C7 -> 2011 | D33: =+D7 -> 2012 | E33: =+E7 -> 2013 | F33: =+F7 -> 2014 | G33: =+G7 -> 2015 | H33: =+H7 -> 2016
A34: Propriedades de investimento
A35: Terrenos e recursos naturais | C35: =+C9 -> 0 | D35: =+C35+D9 -> 0 | E35: =+D35+E9 -> 0 | F35: =+E35+F9 -> 0 | G35: =+F35+G9 -> 0 | H35: =+G35+H9 -> 0
A36: Edificios e Outras construções | C36: =+C10 -> 0 | D36: =+C36+D10 -> 0 | E36: =+D36+E10 -> 0 | F36: =+E36+F10 -> 0 | G36: =+F36+G10 -> 0 | H36: =+G36+H10 -> 0
A37: Outras propriedades de investimento | C37: =+C11 -> 0 | D37: =+C37+D11 -> 0 | E37: =+D37+E11 -> 0 | F37: =+E37+F11 -> 0 | G37: =+F37+G11 -> 0 | H37: =+G37+H11 -> 0
A38: Total propriedades de investimento | C38: =+SUM(C35:C37) -> 0 | D38: =+SUM(D35:D37) -> 0 | E38: =+SUM(E35:E37) -> 0 | F38: =+SUM(F35:F37) -> 0 | G38: =+SUM(G35:G37) -> 0 | H38: =+SUM(H35:H37) -> 0
A39: Activos fixos tangíveis
A40: Terrenos e Recursos Naturais | C40: =+C14 -> 0 | D40: =+C40+D14 -> 0 | E40: =+D40+E14 -> 0 | F40: =+E40+F14 -> 0 | G40: =+F40+G14 -> 0 | H40: =+G40+H14 -> 0
A41: Edificios e Outras Construções | C41: =+C15 -> 0 | D41: =+C41+D15 -> 0 | E41: =+D41+E15 -> 0 | F41: =+E41+F15 -> 0 | G41: =+F41+G15 -> 0 | H41: =+G41+H15 -> 0
A42: Equipamento Básico | C42: =+C16 -> 41518 | D42: =+C42+D16 -> 42795 | E42: =+D42+E16 -> 42795 | F42: =+E42+F16 -> 42795 | G42: =+F42+G16 -> 42795 | H42: =+G42+H16 -> 42795
A43: Equipamento de Transporte | C43: =+C17 -> 16178.86 | D43: =+C43+D17 -> 16178.86 | E43: =+D43+E17 -> 16178.86 | F43: =+E43+F17 -> 38129.86 | G43: =+F43+G17 -> 38129.86 | H43: =+G43+H17 -> 38129.86
A44: Equipamento Administrativo | C44: =+C18 -> 3127.63 | D44: =+C44+D18 -> 3127.63 | E44: =+D44+E18 -> 3127.63 | F44: =+E44+F18 -> 3127.63 | G44: =+F44+G18 -> 3127.63 | H44: =+G44+H18 -> 3127.63
A45: Equipamentos biológicos | C45: =+C19 -> 0 | D45: =+C45+D19 -> 0 | E45: =+D45+E19 -> 0 | F45: =+E45+F19 -> 0 | G45: =+F45+G19 -> 0 | H45: =+G45+H19 -> 0
A46: Outros activos fixos tangiveis | C46: =+C20 -> 0 | D46: =+C46+D20 -> 0 | E46: =+D46+E20 -> 0 | F46: =+E46+F20 -> 0 | G46: =+F46+G20 -> 0 | H46: =+G46+H20 -> 0
A47: Total Activos Fixos Tangíveis | C47: =+SUM(C40:C46) -> 60824.49 | D47: =+SUM(D40:D46) -> 62101.49 | E47: =+SUM(E40:E46) -> 62101.49 | F47: =+SUM(F40:F46) -> 84052.49 | G47: =+SUM(G40:G46) -> 84052.49 | H47: =+SUM(H40:H46) -> 84052.49
A48: Activos Intangíveis
A49: Goodwill | C49: =+C23 -> 0 | D49: =+C49+D23 -> 0 | E49: =+D49+E23 -> 0 | F49: =+E49+F23 -> 0 | G49: =+F49+G23 -> 0 | H49: =+G49+H23 -> 0
A50: Projectos de desenvolvimento | C50: =+C24 -> 0 | D50: =+C50+D24 -> 0 | E50: =+D50+E24 -> 0 | F50: =+E50+F24 -> 0 | G50: =+F50+G24 -> 0 | H50: =+G50+H24 -> 0
A51: Programas de computador | C51: =+C25 -> 5452.47 | D51: =+C51+D25 -> 5452.47 | E51: =+D51+E25 -> 5452.47 | F51: =+E51+F25 -> 5452.47 | G51: =+F51+G25 -> 5452.47 | H51: =+G51+H25 -> 5452.47
A52: Propriedade industrial | C52: =+C26 -> 1900 | D52: =+C52+D26 -> 1900 | E52: =+D52+E26 -> 1900 | F52: =+E52+F26 -> 1900 | G52: =+F52+G26 -> 1900 | H52: =+G52+H26 -> 1900
A53: Outros activos intangíveis | C53: =+C27 -> 0 | D53: =+C53+D27 -> 0 | E53: =+D53+E27 -> 0 | F53: =+E53+F27 -> 0 | G53: =+F53+G27 -> 0 | H53: =+G53+H27 -> 0
A54: Total Activos Intangíveis | C54: =+SUM(C49:C53) -> 7352.47 | D54: =+SUM(D49:D53) -> 7352.47 | E54: =+SUM(E49:E53) -> 7352.47 | F54: =+SUM(F49:F53) -> 7352.47 | G54: =+SUM(G49:G53) -> 7352.47 | H54: =+SUM(H49:H53) -> 7352.47
A55: Total | C55: =+C38+C47+C54 -> 68176.96 | D55: =+D38+D47+D54 -> 69453.96 | E55: =+E38+E47+E54 -> 69453.96 | F55: =+F38+F47+F54 -> 91404.96 | G55: =+G38+G47+G54 -> 91404.96 | H55: =+H38+H47+H54 -> 91404.96
A58: Taxas de Depreciações e amortizações
A59: Propriedades de investimento
A60: Edificios e Outras construções
A61: Outras propriedades de investimento
A62: Activos fixos tangíveis
A63: Edificios e Outras Construções
A64: Equipamento Básico | C64: 0.25
A65: Equipamento de Transporte | C65: 0.2
A66: Equipamento Administrativo | C66: 0.25
A67: Equipamentos biológicos
A68: Outros activos fixos tangiveis
A69: Activos Intangíveis
A70: Projectos de desenvolvimento | D70: * nota: se a taxa a utilizar for 33,33%, colocar mais uma casa decimal, considerando 33,333%
A71: Programas de computador | C71: =100%/3 -> 0.33333333
A72: Propriedade industrial | C72: =100%/3 -> 0.33333333
A73: Outros activos intangíveis
A75: Depreciações e amortizações | C75: =+C7 -> 2011 | D75: =+C75+1 -> 2012 | E75: =+D75+1 -> 2013 | F75: =+E75+1 -> 2014 | G75: =+F75+1 -> 2015 | H75: =+G75+1 -> 2016
A76: Propriedades de investimento
A77: Edificios e Outras construções | B77: =+C60 -> 0 | C77: =SUM(C78:C83) -> 0 | D77: =SUM(D78:D83) -> 0 | E77: =SUM(E78:E83) -> 0 | F77: =SUM(F78:F83) -> 0 | G77: =SUM(G78:G83) -> 0 | H77: =SUM(H78:H83) -> 0
A78: =C75 -> 2011 | C78: =+IF(C$10<0,0,C$10*$B$77) -> 0 | D78: =+IF(C78=0,0,+IF(ROUNDUP(SUM($C78:C78),0)<$C$10,$C$10*$B$77,0)) -> 0 | E78: =+IF(D78=0,0,+IF(ROUNDUP(SUM($C78:D78),0)<$C$10,$C$10*$B$77,0)) -> 0 | F78: =+IF(E78=0,0,+IF(ROUNDUP(SUM($C78:E78),0)<$C$10,$C$10*$B$77,0)) -> 0 | G78: =+IF(F78=0,0,+IF(ROUNDUP(SUM($C78:F78),0)<$C$10,$C$10*$B$77,0)) -> 0 | H78: =+IF(G78=0,0,+IF(ROUNDUP(SUM($C78:G78),0)<$C$10,$C$10*$B$77,0)) -> 0
A79: =A78+1 -> 2012 | D79: =+IF(D$10<0,0,D$10*$B$77) -> 0 | E79: =+IF(D79=0,0,+IF(ROUNDUP(SUM($D79:D79),0)<$D$10,$D$10*$B$77,0)) -> 0 | F79: =+IF(E79=0,0,+IF(ROUNDUP(SUM($D79:E79),0)<$D$10,$D$10*$B$77,0)) -> 0 | G79: =+IF(F79=0,0,+IF(ROUNDUP(SUM($D79:F79),0)<$D$10,$D$10*$B$77,0)) -> 0 | H79: =+IF(G79=0,0,+IF(ROUNDUP(SUM($D79:G79),0)<$D$10,$D$10*$B$77,0)) -> 0
A80: =A79+1 -> 2013 | E80: =+IF(E$10<0,0,E$10*$B$77) -> 0 | F80: =+IF(E80=0,0,+IF(ROUNDUP(SUM($E80:E80),0)<$E$10,$E$10*$B$77,0)) -> 0 | G80: =+IF(F80=0,0,+IF(ROUNDUP(SUM($E80:F80),0)<$E$10,$E$10*$B$77,0)) -> 0 | H80: =+IF(G80=0,0,+IF(ROUNDUP(SUM($E80:G80),0)<$E$10,$E$10*$B$77,0)) -> 0
A81: =A80+1 -> 2014 | F81: =+IF(F$10<0,0,F$10*$B$77) -> 0 | G81: =+IF(F81=0,0,+IF(ROUNDUP(SUM($F81:F81),0)<$F$10,$F$10*$B$77,0)) -> 0 | H81: =+IF(G81=0,0,+IF(ROUNDUP(SUM($F81:G81),0)<$F$10,$F$10*$B$77,0)) -> 0
A82: =A81+1 -> 2015 | G82: =+IF(G$10<0,0,G$10*$B$77) -> 0 | H82: =+IF(G82=0,0,+IF(ROUNDUP(SUM($G82:G82),0)<$G$10,$G$10*$B$77,0)) -> 0
A83: =A82+1 -> 2016 | H83: =+IF(H$10<0,0,H$10*$B$77) -> 0
A84: Outras propriedades de investimento | B84: =+C61 -> 0 | C84: =SUM(C85:C90) -> 0 | D84: =SUM(D85:D90) -> 0 | E84: =SUM(E85:E90) -> 0 | F84: =SUM(F85:F90) -> 0 | G84: =SUM(G85:G90) -> 0 | H84: =SUM(H85:H90) -> 0
A85: =A78 -> 2011 | C85: =+IF(C$11<0,0,C$11*$B$84) -> 0 | D85: =+IF(C85=0,0,+IF(ROUNDUP(SUM($C85:C85),0)<$C$11,$C$11*$B$84,0)) -> 0 | E85: =+IF(D85=0,0,+IF(ROUNDUP(SUM($C85:D85),0)<$C$11,$C$11*$B$84,0)) -> 0 | F85: =+IF(E85=0,0,+IF(ROUNDUP(SUM($C85:E85),0)<$C$11,$C$11*$B$84,0)) -> 0 | G85: =+IF(F85=0,0,+IF(ROUNDUP(SUM($C85:F85),0)<$C$11,$C$11*$B$84,0)) -> 0 | H85: =+IF(G85=0,0,+IF(ROUNDUP(SUM($C85:G85),0)<$C$11,$C$11*$B$84,0)) -> 0
A86: =A79 -> 2012 | D86: =+IF(D$11<0,0,D$11*$B$84) -> 0 | E86: =+IF(D86=0,0,+IF(ROUNDUP(SUM($D86:D86),0)<$D$11,$D$11*$B$84,0)) -> 0 | F86: =+IF(E86=0,0,+IF(ROUNDUP(SUM($D86:E86),0)<$D$11,$D$11*$B$84,0)) -> 0 | G86: =+IF(F86=0,0,+IF(ROUNDUP(SUM($D86:F86),0)<$D$11,$D$11*$B$84,0)) -> 0 | H86: =+IF(G86=0,0,+IF(ROUNDUP(SUM($D86:G86),0)<$D$11,$D$11*$B$84,0)) -> 0
A87: =A80 -> 2013 | E87: =+IF(E$11<0,0,E$11*$B$84) -> 0 | F87: =+IF(E87=0,0,+IF(ROUNDUP(SUM($E87:E87),0)<$E$11,$E$11*$B$84,0)) -> 0 | G87: =+IF(F87=0,0,+IF(ROUNDUP(SUM($E87:F87),0)<$E$11,$E$11*$B$84,0)) -> 0 | H87: =+IF(G87=0,0,+IF(ROUNDUP(SUM($E87:G87),0)<$E$11,$E$11*$B$84,0)) -> 0
A88: =A81 -> 2014 | F88: =+IF(F$11<0,0,F$11*$B$84) -> 0 | G88: =+IF(F88=0,0,+IF(ROUNDUP(SUM($F88:F88),0)<$F$11,$F$11*$B$84,0)) -> 0 | H88: =+IF(G88=0,0,+IF(ROUNDUP(SUM($F88:G88),0)<$F$11,$F$11*$B$84,0)) -> 0
A89: =A82 -> 2015 | G89: =+IF(G$11<0,0,G$11*$B$84) -> 0 | H89: =+IF(G89=0,0,+IF(ROUNDUP(SUM($G89:G89),0)<$G$11,$G$11*$B$84,0)) -> 0
A90: =A83 -> 2016 | H90: =+IF(H$11<0,0,H$11*$B$84) -> 0
A91: TOTAL | C91: =+C77+C84 -> 0 | D91: =+D77+D84 -> 0 | E91: =+E77+E84 -> 0 | F91: =+F77+F84 -> 0 | G91: =+G77+G84 -> 0 | H91: =+H77+H84 -> 0
A92: Activos fixos tangíveis
A93: Edificios e Outras Construções | B93: =+C63 -> 0 | C93: =SUM(C94:C99) -> 0 | D93: =SUM(D94:D99) -> 0 | E93: =SUM(E94:E99) -> 0 | F93: =SUM(F94:F99) -> 0 | G93: =SUM(G94:G99) -> 0 | H93: =SUM(H94:H99) -> 0
A94: =A85 -> 2011 | C94: =+IF(C$15<0,0,C$15*$B$93) -> 0 | D94: =+IF(C94=0,0,+IF(ROUNDUP(SUM($C94:C94),0)<$C$15,$C$15*$B$93,0)) -> 0 | E94: =+IF(D94=0,0,+IF(ROUNDUP(SUM($C94:D94),0)<$C$15,$C$15*$B$93,0)) -> 0 | F94: =+IF(E94=0,0,+IF(ROUNDUP(SUM($C94:E94),0)<$C$15,$C$15*$B$93,0)) -> 0 | G94: =+IF(F94=0,0,+IF(ROUNDUP(SUM($C94:F94),0)<$C$15,$C$15*$B$93,0)) -> 0 | H94: =+IF(G94=0,0,+IF(ROUNDUP(SUM($C94:G94),0)<$C$15,$C$15*$B$93,0)) -> 0
A95: =A86 -> 2012 | D95: =+IF(D$15<0,0,D$15*$B$93) -> 0 | E95: =+IF(D95=0,0,+IF(ROUNDUP(SUM($D95:D95),0)<$D$15,$D$15*$B$93,0)) -> 0 | F95: =+IF(E95=0,0,+IF(ROUNDUP(SUM($D95:E95),0)<$D$15,$D$15*$B$93,0)) -> 0 | G95: =+IF(F95=0,0,+IF(ROUNDUP(SUM($D95:F95),0)<$D$15,$D$15*$B$93,0)) -> 0 | H95: =+IF(G95=0,0,+IF(ROUNDUP(SUM($D95:G95),0)<$D$15,$D$15*$B$93,0)) -> 0
A96: =A87 -> 2013 | E96: =+IF(E$15<0,0,E$15*$B$93) -> 0 | F96: =+IF(E96=0,0,+IF(ROUNDUP(SUM($E96:E96),0)<$E$15,$E$15*$B$93,0)) -> 0 | G96: =+IF(F96=0,0,+IF(ROUNDUP(SUM($E96:F96),0)<$E$15,$E$15*$B$93,0)) -> 0 | H96: =+IF(G96=0,0,+IF(ROUNDUP(SUM($E96:G96),0)<$E$15,$E$15*$B$93,0)) -> 0
A97: =A88 -> 2014 | F97: =+IF(F$15<0,0,F$15*$B$93) -> 0 | G97: =+IF(F97=0,0,+IF(ROUNDUP(SUM($F97:F97),0)<$F$15,$F$15*$B$93,0)) -> 0 | H97: =+IF(G97=0,0,+IF(ROUNDUP(SUM($F97:G97),0)<$F$15,$F$15*$B$93,0)) -> 0
A98: =A89 -> 2015 | G98: =+IF(G$15<0,0,G$15*$B$93) -> 0 | H98: =+IF(G98=0,0,+IF(ROUNDUP(SUM($G98:G98),0)<$G$15,$G$15*$B$93,0)) -> 0
A99: =A90 -> 2016 | H99: =+IF(H$15<0,0,H$15*$B$93) -> 0
A100: Equipamento básico | B100: =+C64 -> 0.25 | C100: =SUM(C101:C106) -> 10379.5 | D100: =SUM(D101:D106) -> 10698.75 | E100: =SUM(E101:E106) -> 10698.75 | F100: =SUM(F101:F106) -> 10698.75 | G100: =SUM(G101:G106) -> 319.25 | H100: =SUM(H101:H106) -> 0
A101: =A94 -> 2011 | C101: =+IF(C$16<0,0,C$16*$B$100) -> 10379.5 | D101: =+IF(C101=0,0,+IF(ROUNDUP(SUM($C101:C101),0)<$C$16,$C$16*$B$100,0)) -> 10379.5 | E101: =+IF(D101=0,0,+IF(ROUNDUP(SUM($C101:D101),0)<$C$16,$C$16*$B$100,0)) -> 10379.5 | F101: =+IF(E101=0,0,+IF(ROUNDUP(SUM($C101:E101),0)<$C$16,$C$16*$B$100,0)) -> 10379.5 | G101: =+IF(F101=0,0,+IF(ROUNDUP(SUM($C101:F101),0)<$C$16,$C$16*$B$100,0)) -> 0 | H101: =+IF(G101=0,0,+IF(ROUNDUP(SUM($C101:G101),0)<$C$16,$C$16*$B$100,0)) -> 0
A102: =A95 -> 2012 | D102: =+IF(D$16<0,0,D$16*$B$100) -> 319.25 | E102: =+IF(D102=0,0,+IF(ROUNDUP(SUM($D102:D102),0)<$D$16,$D$16*$B$100,0)) -> 319.25 | F102: =+IF(E102=0,0,+IF(ROUNDUP(SUM($D102:E102),0)<$D$16,$D$16*$B$100,0)) -> 319.25 | G102: =+IF(F102=0,0,+IF(ROUNDUP(SUM($D102:F102),0)<$D$16,$D$16*$B$100,0)) -> 319.25 | H102: =+IF(G102=0,0,+IF(ROUNDUP(SUM($D102:G102),0)<$D$16,$D$16*$B$100,0)) -> 0
A103: =A96 -> 2013 | E103: =+IF(E$16<0,0,E$16*$B$100) -> 0 | F103: =+IF(E103=0,0,+IF(ROUNDUP(SUM($E103:E103),0)<$E$16,$E$16*$B$100,0)) -> 0 | G103: =+IF(F103=0,0,+IF(ROUNDUP(SUM($E103:F103),0)<$E$16,$E$16*$B$100,0)) -> 0 | H103: =+IF(G103=0,0,+IF(ROUNDUP(SUM($E103:G103),0)<$E$16,$E$16*$B$100,0)) -> 0
A104: =A97 -> 2014 | F104: =+IF(F$16<0,0,F$16*$B$100) -> 0 | G104: =+IF(F104=0,0,+IF(ROUNDUP(SUM($F104:F104),0)<$F$16,$F$16*$B$100,0)) -> 0 | H104: =+IF(G104=0,0,+IF(ROUNDUP(SUM($F104:G104),0)<$F$16,$F$16*$B$100,0)) -> 0
A105: =A98 -> 2015 | G105: =+IF(G$16<0,0,G$16*$B$100) -> 0 | H105: =+IF(G105=0,0,+IF(ROUNDUP(SUM($G105:G105),0)<$G$16,$G$16*$B$100,0)) -> 0
A106: =A99 -> 2016 | H106: =+IF(H$16<0,0,H$16*$B$100) -> 0
A107: Equipamento de transporte | B107: =+C65 -> 0.2 | C107: =SUM(C108:C113) -> 3235.772 | D107: =SUM(D108:D113) -> 3235.772 | E107: =SUM(E108:E113) -> 3235.772 | F107: =SUM(F108:F113) -> 7625.972 | G107: =SUM(G108:G113) -> 7625.972 | H107: =SUM(H108:H113) -> 4390.2
A108: =A101 -> 2011 | C108: =+IF(C$17<0,0,C$17*$B$107) -> 3235.772 | D108: =+IF(C108=0,0,+IF(ROUNDUP(SUM($C108:C108),0)<$C$17,$C$17*$B$107,0)) -> 3235.772 | E108: =+IF(D108=0,0,+IF(ROUNDUP(SUM($C108:D108),0)<$C$17,$C$17*$B$107,0)) -> 3235.772 | F108: =+IF(E108=0,0,+IF(ROUNDUP(SUM($C108:E108),0)<$C$17,$C$17*$B$107,0)) -> 3235.772 | G108: =+IF(F108=0,0,+IF(ROUNDUP(SUM($C108:F108),0)<$C$17,$C$17*$B$107,0)) -> 3235.772 | H108: =+IF(G108=0,0,+IF(ROUNDUP(SUM($C108:G108),0)<$C$17,$C$17*$B$107,0)) -> 0
...

Sheet Financiamento
G1: Empresa: | H1: =+Pressupostos!E1 -> ALI,Conserva&Limpa, Lda
H2: =+Pressupostos!B9 -> Euros
A4: Financiamento
C7: =+VN!C8 -> 2011 | D7: =+VN!D8 -> 2012 | E7: =+VN!E8 -> 2013 | F7: =+VN!F8 -> 2014 | G7: =+VN!G8 -> 2015 | H7: =+VN!H8 -> 2016
A8: Investimento | C8: =Investimento!C29+FundoManeio!C24 -> 142244.94 | D8: =Investimento!D29+FundoManeio!D24 -> 21568.922 | E8: =Investimento!E29+FundoManeio!E24 -> 25923.694 | F8: =Investimento!F29+FundoManeio!F24 -> 48542.044 | G8: =Investimento!G29+FundoManeio!G24 -> 28513.616 | H8: =Investimento!H29+FundoManeio!H24 -> 14189.999
A9: Margem de segurança | C9: 0.02 | D9: 0.02 | E9: 0.02 | F9: 0.02 | G9: 0.02 | H9: 0.02
A10: Necessidades de financiamento | C10: =+ROUND(C8*(1+C9),-2) -> 145100 | D10: =+ROUND(D8*(1+D9),-2) -> 22000 | E10: =+ROUND(E8*(1+E9),-2) -> 26400 | F10: =+ROUND(F8*(1+F9),-2) -> 49500 | G10: =+ROUND(G8*(1+G9),-2) -> 29100 | H10: =+ROUND(H8*(1+H9),-2) -> 14500
A13: Fontes de Financiamento | C13: =+C7 -> 2011 | D13: =+D7 -> 2012 | E13: =+E7 -> 2013 | F13: =+F7 -> 2014 | G13: =+G7 -> 2015 | H13: =+H7 -> 2016
A14: Meios Libertos | C14: =IF(+'Cash Flow'!C12>0,'Cash Flow'!C12,0) -> 0 | D14: =IF(+'Cash Flow'!D12>0,'Cash Flow'!D12,0) -> 0 | E14: =IF(+'Cash Flow'!E12>0,'Cash Flow'!E12,0) -> 18093.863 | F14: =IF(+'Cash Flow'!F12>0,'Cash Flow'!F12,0) -> 54276.084 | G14: =IF(+'Cash Flow'!G12>0,'Cash Flow'!G12,0) -> 113316.32 | H14: =IF(+'Cash Flow'!H12>0,'Cash Flow'!H12,0) -> 139599.41
A15: Capital | C15: 100000
A16: Outros instrumentos de capital | D16: 90000
A17: Empréstimos de Sócios | D17: =C10-C20 -> 0
A18: Financiamento bancário e outras Inst. Crédito | C18: 25200 | E18: 8306
A19: Subsidios | C19: 19900
A20: TOTAL | C20: =SUM(C14:C19) -> 145100 | D20: =SUM(D14:D19) -> 90000 | E20: =SUM(E14:E19) -> 26399.863 | F20: =SUM(F14:F19) -> 54276.084 | G20: =SUM(G14:G19) -> 113316.32 | H20: =SUM(H14:H19) -> 139599.41
A22: N.º de anos reembolso | B22: 6
A23: Taxa de juro associada | B23: 0.057
A25: =+C13 -> 2011
A26: Capital em dívida (início período) | C26: =+C18 -> 25200 | D26: =+C32 -> 25200 | E26: =+D32 -> 21000 | F26: =+E32 -> 16800 | G26: =+F32 -> 12600 | H26: =+G32 -> 8400
A27: Taxa de Juro | C27: =$B$23 -> 0.057 | D27: =$B$23 -> 0.057 | E27: =$B$23 -> 0.057 | F27: =$B$23 -> 0.057 | G27: =$B$23 -> 0.057 | H27: =$B$23 -> 0.057
A28: Juro Anual | C28: =+C26*C27*FSE!F8/12 -> 1436.4 | D28: =+D26*D27 -> 1436.4 | E28: =+E26*E27 -> 1197 | F28: =+F26*F27 -> 957.6 | G28: =+G26*G27 -> 718.2 | H28: =+H26*H27 -> 478.8
A29: Reembolso Anual | D29: =IF(C26=0,0,+$C$26/$B$22) -> 4200 | E29: =IF(D32<=0,0,+$C$26/$B$22) -> 4200 | F29: =IF(E32<=0,0,+$C$26/$B$22) -> 4200 | G29: =IF(F32<=0,0,+$C$26/$B$22) -> 4200 | H29: =IF(G32<=0,0,+$C$26/$B$22) -> 4200
A30: Imposto Selo (0,4%) | C30: =+C28*0.004 -> 5.7456 | D30: =+D28*0.004 -> 5.7456 | E30: =+E28*0.004 -> 4.788 | F30: =+F28*0.004 -> 3.8304 | G30: =+G28*0.004 -> 2.8728 | H30: =+H28*0.004 -> 1.9152
A31: Serviço da dívida | C31: =+C28+C29+C30 -> 1442.1456 | D31: =+D28+D29+D30 -> 5642.1456 | E31: =+E28+E29+E30 -> 5401.788 | F31: =+F28+F29+F30 -> 5161.4304 | G31: =+G28+G29+G30 -> 4921.0728 | H31: =+H28+H29+H30 -> 4680.7152
A32: Valor em dívida | C32: =+C26-C29 -> 25200 | D32: =+D26-D29 -> 21000 | E32: =+E26-E29 -> 16800 | F32: =+F26-F29 -> 12600 | G32: =+G26-G29 -> 8400 | H32: =+H26-H29 -> 4200
A34: N.º de anos reembolso | B34: 1
A35: Taxa de juro associada | B35: =Pressupostos!$B$32 -> 0.072
A37: =+D13 -> 2012
A38: Capital em dívida (início período) | C38: =+C28 -> 1436.4 | D38: =+D18 -> 0 | E38: =+D44 -> 0 | F38: =+E44 -> 0 | G38: =+F44 -> 0 | H38: =+G44 -> 0
A39: Taxa de Juro | D39: =$B$35 -> 0.072 | E39: =$B$35 -> 0.072 | F39: =$B$35 -> 0.072 | G39: =$B$35 -> 0.072 | H39: =$B$35 -> 0.072
A40: Juro Anual | D40: =+D38*D39 -> 0 | E40: =+E38*E39 -> 0 | F40: =+F38*F39 -> 0 | G40: =+G38*G39 -> 0 | H40: =+H38*H39 -> 0
A41: Reembolso Anual | D41: =IF(D38=0,0,+$D$38/B34) -> 0 | E41: =IF(D44<=0,0,+$D$38/$B$34) -> 0 | F41: =IF(E44<=0,0,+$D$38/$B$34) -> 0 | G41: =IF(F44<=0,0,+$D$38/$B$34) -> 0 | H41: =IF(G44<=0,0,+$D$38/$B$34) -> 0
A42: Imposto Selo (0,4%) | D42: =0.004*D40 -> 0 | E42: =0.004*E40 -> 0 | F42: =0.004*F40 -> 0 | G42: =0.004*G40 -> 0 | H42: =0.004*H40 -> 0
A43: Serviço da dívida | D43: =+D40+D41+D42 -> 0 | E43: =+E40+E41+E42 -> 0 | F43: =+F40+F41+F42 -> 0 | G43: =+G40+G41+G42 -> 0 | H43: =+H40+H41+H42 -> 0
A44: Valor em dívida | D44: =+D38-D41 -> 0 | E44: =+E38-E41 -> 0 | F44: =+F38-F41 -> 0 | G44: =+G38-G41 -> 0 | H44: =+H38-H41 -> 0
A46: N.º de anos reembolso | B46: 1
A47: Taxa de juro associada | B47: =Pressupostos!$B$32 -> 0.072
A49: =+E13 -> 2013
A50: Capital em dívida (início período) | C50: =+C40 -> 0 | E50: =+E18 -> 8306 | F50: =+E56 -> 0 | G50: =+F56 -> 0 | H50: =+G56 -> 0
A51: Taxa de Juro | E51: =$B$47 -> 0.072 | F51: =$B$47 -> 0.072 | G51: =$B$47 -> 0.072 | H51: =$B$47 -> 0.072
A52: Juro Anual | E52: =+E50*E51 -> 598.032 | F52: =+F50*F51 -> 0 | G52: =+G50*G51 -> 0 | H52: =+H50*H51 -> 0
A53: Reembolso Anual | E53: =+IF(E50=0,0,$E$50/$B$46) -> 8306 | F53: =IF(E56<=9,0,$E$50/$B$46) -> 0 | G53: =IF(F56<=9,0,$E$50/$B$46) -> 0 | H53: =IF(G56<=9,0,$E$50/$B$46) -> 0
A54: Imposto Selo (0,4%) | E54: =0.004*E52 -> 2.392128 | F54: =0.004*F52 -> 0 | G54: =0.004*G52 -> 0 | H54: =0.004*H52 -> 0
A55: Serviço da dívida | E55: =+E52+E53+E54 -> 8906.4241 | F55: =+F52+F53+F54 -> 0 | G55: =+G52+G53+G54 -> 0 | H55: =+H52+H53+H54 -> 0
A56: Valor em divida | E56: =+E50-E53 -> 0 | F56: =+F50-F53 -> 0 | G56: =+G50-G53 -> 0 | H56: =+H50-H53 -> 0
A58: N.º de anos reembolso | B58: 1
A59: Taxa de juro associada | B59: =Pressupostos!$B$32 -> 0.072
A61: =+F13 -> 2014
A62: Capital em dívida (início período) | C62: =+C52 -> 0 | F62: =+F18 -> 0 | G62: =+F68 -> 0 | H62: =+G68 -> 0
A63: Taxa de Juro | F63: =$B$59 -> 0.072 | G63: =$B$59 -> 0.072 | H63: =$B$59 -> 0.072
A64: Juro Anual | F64: =+F62*F63 -> 0 | G64: =+G62*G63 -> 0 | H64: =+H62*H63 -> 0
A65: Reembolso Anual | F65: =IF(F62=0,0,$F$62/B58) -> 0 | G65: =IF(F68<=0,0,$F$62/$B$58) -> 0 | H65: =IF(G68<=0,0,$F$62/$B$58) -> 0
A66: Imposto Selo (0,4%) | F66: =+F64*0.004 -> 0 | G66: =+G64*0.004 -> 0 | H66: =+H64*0.004 -> 0
A67: Serviço da dívida | F67: =+F64+F65+F66 -> 0 | G67: =+G64+G65+G66 -> 0 | H67: =+H64+H65+H66 -> 0
A68: Valor em dívida | F68: =+F62-F65 -> 0 | G68: =+G62-G65 -> 0 | H68: =+H62-H65 -> 0
A70: N.º de anos reembolso | B70: 0
A71: Taxa de juro associada | B71: =Pressupostos!$B$32 -> 0.072
A73: =+G13 -> 2015
A74: Capital em dívida (início período) | C74: =+C64 -> 0 | G74: =+G18 -> 0 | H74: =+G80 -> 0
A75: Taxa de Juro | G75: =B71 -> 0.072 | H75: =B71 -> 0.072
A76: Juro Anual | G76: =+G74*G75 -> 0 | H76: =+H74*H75 -> 0
A77: Reembolso Anual | G77: =IF(G74=0,0,$G$74/B70) -> 0 | H77: =IF(G80<=0,0,$G$74/B70) -> 0
A78: Imposto Selo (0,4%) | G78: =+G76*0.004 -> 0 | H78: =+H76*0.004 -> 0
A79: Serviço da dívida | G79: =+G76+G77+G78 -> 0 | H79: =+H76+H77+H78 -> 0
A80: Valor em dívida | G80: =+G74-G77 -> 0 | H80: =+H74-H77 -> 0
A82: N.º de anos reembolso
A83: Taxa de juro associada | B83: =Pressupostos!$B$32 -> 0.072
A85: =+H13 -> 2016
A86: Capital em dívida (início período) | C86: =+C76 -> 0 | H86: =+H18 -> 0
A87: Taxa de Juro | H87: =B83 -> 0.072
A88: Juro Anual | H88: =+H86*H87 -> 0
A89: Reembolso Anual | H89: =IF(H86=0,0,$H$86/B82) -> 0
A90: Imposto Selo (0,4%) | H90: =0.004*H88 -> 0
A91: Serviço da dívida | H91: =+H88+H89+H90 -> 0
A92: Valor em dívida | H92: =+H86-H89 -> 0
A95: Capital em dívida | C95: =+C32+C44+C56+C68+C80+C92 -> 25200 | D95: =+D32+D44+D56+D68+D80+D92 -> 21000 | E95: =+E32+E44+E56+E68+E80+E92 -> 16800 | F95: =+F32+F44+F56+F68+F80+F92 -> 12600 | G95: =+G32+G44+G56+G68+G80+G92 -> 8400 | H95: =+H32+H44+H56+H68+H80+H92 -> 4200
A97: Juros pagos com Imposto Selo incluído | C97: =+C28+C40+C52+C64+C76+C88+C30+C42+C54+C66+C78+C90 -> 1442.1456 | D97: =+D28+D40+D52+D64+D76+D88+D30+D42+D54+D66+D78+D90 -> 1442.1456 | E97: =+E28+E40+E52+E64+E76+E88+E30+E42+E54+E66+E78+E90 -> 1802.2121 | F97: =+F28+F40+F52+F64+F76+F88+F30+F42+F54+F66+F78+F90 -> 961.4304 | G97: =+G28+G40+G52+G64+G76+G88+G30+G42+G54+G66+G78+G90 -> 721.0728 | H97: =+H28+H40+H52+H64+H76+H88+H30+H42+H54+H66+H78+H90 -> 480.7152
A98: Reembolso | C98: =+C29+C41+C53+C65+C77+C89 -> 0 | D98: =+D29+D41+D53+D65+D77+D89 -> 4200 | E98: =+E29+E41+E53+E65+E77+E89 -> 12506 | F98: =+F29+F41+F53+F65+F77+F89 -> 4200 | G98: =+G29+G41+G53+G65+G77+G89 -> 4200 | H98: =+H29+H41+H53+H65+H77+H89 -> 4200

Sheet Ponto Crítico
F1: Empresa: | G1: =+Pressupostos!E1 -> ALI,Conserva&Limpa, Lda
G2: =+Pressupostos!B9 -> Euros
A4: Ponto Crítico Operacional Previsional
B7: =+VN!C8 -> 2011 | C7: =+VN!D8 -> 2012 | D7: =+VN!E8 -> 2013 | E7: =+VN!F8 -> 2014 | F7: =+VN!G8 -> 2015 | G7: =+VN!H8 -> 2016
A8: =DR!A8 -> Vendas e serviços prestados | B8: =DR!B8 -> 582777.88 | C8: =DR!C8 -> 772746.65 | D8: =DR!D8 -> 986935.62 | E8: =DR!E8 -> 1218548.4 | F8: =DR!F8 -> 1450906 | G8: =DR!G8 -> 1569180.6
A9: =DR!A11 -> Variação nos inventários da produção | B9: =DR!B11 -> 0 | C9: =DR!C11 -> 0 | D9: =DR!D11 -> 0 | E9: =DR!E11 -> 0 | F9: =DR!F11 -> 0 | G9: =DR!G11 -> 0
A10: CMVMC | B10: =DR!B13 -> 335943.84 | C10: =DR!C13 -> 448100.17 | D10: =DR!D13 -> 575119.39 | E10: =DR!E13 -> 717969.54 | F10: =DR!F13 -> 855991.03 | G10: =DR!G13 -> 925772.38
A11: FSE Variáveis | B11: =FSE!F47 -> 25488.78 | C11: =FSE!G47 -> 25998.556 | D11: =FSE!H47 -> 26518.527 | E11: =FSE!I47 -> 27048.897 | F11: =FSE!J47 -> 27589.875 | G11: =FSE!K47 -> 28141.673
A12: Margem Bruta de Contribuição | B12: =B8+B9-B10-B11 -> 221345.26 | C12: =C8+C9-C10-C11 -> 298647.93 | D12: =D8+D9-D10-D11 -> 385297.7 | E12: =E8+E9-E10-E11 -> 473529.92 | F12: =F8+F9-F10-F11 -> 567325.05 | G12: =G8+G9-G10-G11 -> 615266.57
A13: Ponto Crítico | B13: =(FSE!F45+DR!B15+DR!B24+DR!B25+DR!B18)/(B12/'Ponto Crítico'!B8) -> 863563.05 | C13: =(FSE!G45+DR!C15+DR!C24+DR!C25+DR!C18)/(C12/'Ponto Crítico'!C8) -> 935475.9 | D13: =(FSE!H45+DR!D15+DR!D24+DR!D25+DR!D18)/(D12/'Ponto Crítico'!D8) -> 983770.96 | E13: =(FSE!I45+DR!E15+DR!E24+DR!E25+DR!E18)/(E12/'Ponto Crítico'!E8) -> 1097878.2 | F13: =(FSE!J45+DR!F15+DR!F24+DR!F25+DR!F18)/(F12/'Ponto Crítico'!F8) -> 1091597.4 | G13: =(FSE!K45+DR!G15+DR!G24+DR!G25+DR!G18)/(G12/'Ponto Crítico'!G8) -> 1109395.8

Sheet DR
F1: Empresa: | G1: =+Pressupostos!E1 -> ALI,Conserva&Limpa, Lda
G2: =+Pressupostos!B9 -> Euros
A4: Demonstração de Resultados Previsional
B7: =+VN!C8 -> 2011 | C7: =+VN!D8 -> 2012 | D7: =+VN!E8 -> 2013 | E7: =+VN!F8 -> 2014 | F7: =+VN!G8 -> 2015 | G7: =+VN!H8 -> 2016
A8: Vendas e serviços prestados | B8: =+VN!C80 -> 582777.88 | C8: =+VN!D80 -> 772746.65 | D8: =+VN!E80 -> 986935.62 | E8: =+VN!F80 -> 1218548.4 | F8: =+VN!G80 -> 1450906 | G8: =+VN!H80 -> 1569180.6
A9: Subsídios à Exploração | B9: 2000
A10: Ganhos/perdas imputados de subsidiárias, associadas e empreendimentos conjuntos
A11: Variação nos inventários da produção
A12: Trabalhos para a própria entidade
A13: CMVMC | B13: =+CMVMC!C16 -> 335943.84 | C13: =+CMVMC!D16 -> 448100.17 | D13: =+CMVMC!E16 -> 575119.39 | E13: =+CMVMC!F16 -> 717969.54 | F13: =+CMVMC!G16 -> 855991.03 | G13: =+CMVMC!H16 -> 925772.38
A14: Fornecimento e serviços externos | B14: =+FSE!F43 -> 110188.68 | C14: =+FSE!G43 -> 112392.45 | D14: =+FSE!H43 -> 114640.3 | E14: =+FSE!I43 -> 116933.11 | F14: =+FSE!J43 -> 119271.77 | G14: =+FSE!K43 -> 121657.21
A15: Gastos com o pessoal | B15: =+'Gastos com Pessoal'!D79 -> 226442.57 | C15: =+'Gastos com Pessoal'!E79 -> 257977.7 | D15: =+'Gastos com Pessoal'!F79 -> 278773.2 | E15: =+'Gastos com Pessoal'!G79 -> 317646.47 | F15: =+'Gastos com Pessoal'!H79 -> 327203.13 | G15: =+'Gastos com Pessoal'!I79 -> 337081.89
A16: Imparidade de inventários (perdas/reversões)
A17: Imparidade de dívidas a receber (perdas/reversões) | B17: =+VN!C87 -> 0 | C17: =+VN!D87 -> 0 | D17: =+VN!E87 -> 0 | E17: =+VN!F87 -> 0 | F17: =+VN!G87 -> 0 | G17: =+VN!H87 -> 0
A18: Provisões (aumentos/reduções)
A19: Imparidade de investimentos não depreciáveis/amortizáveis (perdas/reversões)
A20: Aumentos/reduções de justo valor
A21: Outros rendimentos e ganhos
A22: Outros gastos e perdas
A23: EBITDA (Resultado antes de depreciações, gastos de financiamento e impostos) | B23: =+B8+B9+B10+B11+B12-B13-B14-B15-B16-B17-B18-B19-B20+B21-B22 -> -87797.203 | C23: =+C8+C9+C10+C11+C12-C13-C14-C15-C16-C17-C18-C19-C20+C21-C22 -> -45723.672 | D23: =+D8+D9+D10+D11+D12-D13-D14-D15-D16-D17-D18-D19-D20+D21-D22 -> 18402.733 | E23: =+E8+E9+E10+E11+E12-E13-E14-E15-E16-E17-E18-E19-E20+E21-E22 -> 65999.236 | F23: =+F8+F9+F10+F11+F12-F13-F14-F15-F16-F17-F18-F19-F20+F21-F22 -> 148440.02 | G23: =+G8+G9+G10+G11+G12-G13-G14-G15-G16-G17-G18-G19-G20+G21-G22 -> 184669.14
A24: Gastos/reversões de depreciação e amortização | B24: =+Investimento!C166 -> 16848.003 | C24: =+Investimento!D166 -> 17167.253 | D24: =+Investimento!E166 -> 17167.253 | E24: =+Investimento!F166 -> 19106.63 | F24: =+Investimento!G166 -> 7945.222 | G24: =+Investimento!H166 -> 4390.2
A25: Imparidade de activos depreciáveis/amortizáveis (perdas/reversões)
A26: EBIT (Resultado Operacional) | B26: =+B23-B24-B25 -> -104645.21 | C26: =+C23-C24-C25 -> -62890.925 | D26: =+D23-D24-D25 -> 1235.4801 | E26: =+E23-E24-E25 -> 46892.606 | F26: =+F23-F24-F25 -> 140494.8 | G26: =+G23-G24-G25 -> 180278.94
A27: Juros e rendimentos similares obtidos | B27: =+IF(PlanoFinanceiro!C29>0,PlanoFinanceiro!C29*Pressupostos!$B$30,0) -> 0 | C27: =+IF(PlanoFinanceiro!D29>0,PlanoFinanceiro!D29*Pressupostos!$B$30,0) -> 0 | D27: =+IF(PlanoFinanceiro!E29>0,PlanoFinanceiro!E29*Pressupostos!$B$30,0) -> 0 | E27: =+IF(PlanoFinanceiro!F29>0,PlanoFinanceiro!F29*Pressupostos!$B$30,0) -> 0 | F27: =+IF(PlanoFinanceiro!G29>0,PlanoFinanceiro!G29*Pressupostos!$B$30,0) -> 392.03171 | G27: =+IF(PlanoFinanceiro!H29>0,PlanoFinanceiro!H29*Pressupostos!$B$30,0) -> 4130.4674
A28: Juros e gastos similares suportados | B28: =Financiamento!C97+IF(PlanoFinanceiro!C29<0,-PlanoFinanceiro!C29*Pressupostos!$B$32,0) -> 8144.3871 | C28: =Financiamento!D97+IF(PlanoFinanceiro!D29<0,-PlanoFinanceiro!D29*Pressupostos!$B$32,0) -> 7340.3629 | D28: =Financiamento!E97+IF(PlanoFinanceiro!E29<0,-PlanoFinanceiro!E29*Pressupostos!$B$32,0) -> 9207.2614 | E28: =Financiamento!F97+IF(PlanoFinanceiro!F29<0,-PlanoFinanceiro!F29*Pressupostos!$B$32,0) -> 7987.0279 | F28: =Financiamento!G97+IF(PlanoFinanceiro!G29<0,-PlanoFinanceiro!G29*Pressupostos!$B$32,0) -> 721.0728 | G28: =Financiamento!H97+IF(PlanoFinanceiro!H29<0,-PlanoFinanceiro!H29*Pressupostos!$B$32,0) -> 480.7152
A29: RESULTADO ANTES DE IMPOSTOS | B29: =+B26+B27-B28 -> -112789.59 | C29: =+C26+C27-C28 -> -70231.287 | D29: =+D26+D27-D28 -> -7971.7813 | E29: =+E26+E27-E28 -> 38905.578 | F29: =+F26+F27-F28 -> 140165.76 | G29: =+G26+G27-G28 -> 183928.69
A30: Imposto sobre o rendimento do período | B30: =IF(B29>0,B29*Pressupostos!$B$28,0) -> 0 | C30: =IF(C29+C32<0,0,(C29+C32)*Pressupostos!$B$28) -> 0 | D30: =IF(D29+D32<0,0,(D29+D32)*Pressupostos!$B$28) -> 0 | E30: =IF(E29+E32<0,0,(E29+E32)*Pressupostos!$B$28) -> 0 | F30: =IF(F29+F32<0,0,(F29+F32)*Pressupostos!$B$28) -> 0 | G30: =IF(G29+G32<0,0,(G29+G32)*Pressupostos!$B$28) -> 43001.843
A31: RESULTADO LÍQUIDO DO PERÍODO | B31: =+B29-B30 -> -112789.59 | C31: =+C29-C30 -> -70231.287 | D31: =+D29-D30 -> -7971.7813 | E31: =+E29-E30 -> 38905.578 | F31: =+F29-F30 -> 140165.76 | G31: =+G29-G30 -> 140926.85
C32: =IF(B31<0,B31,0) -> -112789.59 | D32: =IF(C31+C32<0,C31+C32,0) -> -183020.88 | E32: =IF(D31+D32<0,D31+D32,0) -> -190992.66 | F32: =IF(E31+E32<0,E31+E32,0) -> -152087.08 | G32: =IF(F31+F32<0,F31+F32,0) -> -11921.323

Sheet Cash Flow
G1: Empresa: | H1: =+Pressupostos!E1 -> ALI,Conserva&Limpa, Lda
H2: =+Pressupostos!B9 -> Euros
A4: Mapa de Cash Flows Operacionais
C7: =+VN!C8 -> 2011 | D7: =+VN!D8 -> 2012 | E7: =+VN!E8 -> 2013 | F7: =+VN!F8 -> 2014 | G7: =+VN!G8 -> 2015 | H7: =+VN!H8 -> 2016
A8: Meios Libertos do Projecto
A9: Resultados Operacionais (EBIT) x (1-IRC) | C9: =+DR!B26*(1-Pressupostos!$B$28) -> -78483.905 | D9: =+DR!C26*(1-Pressupostos!$B$28) -> -47168.193 | E9: =+DR!D26*(1-Pressupostos!$B$28) -> 926.61006 | F9: =+DR!E26*(1-Pressupostos!$B$28) -> 35169.455 | G9: =+DR!F26*(1-Pressupostos!$B$28) -> 105371.1 | H9: =+DR!G26*(1-Pressupostos!$B$28) -> 135209.21
A10: Depreciações e amortizações | C10: =+DR!B24 -> 16848.003 | D10: =+DR!C24 -> 17167.253 | E10: =+DR!D24 -> 17167.253 | F10: =+DR!E24 -> 19106.63 | G10: =+DR!F24 -> 7945.222 | H10: =+DR!G24 -> 4390.2
A11: Provisões do exercício | C11: =+DR!B25 -> 0 | D11: =+DR!C25 -> 0 | E11: =+DR!D25 -> 0 | F11: =+DR!E25 -> 0 | G11: =+DR!F25 -> 0 | H11: =+DR!G25 -> 0
C12: =SUM(C9:C11) -> -61635.902 | D12: =SUM(D9:D11) -> -30000.941 | E12: =SUM(E9:E11) -> 18093.863 | F12: =SUM(F9:F11) -> 54276.084 | G12: =SUM(G9:G11) -> 113316.32 | H12: =SUM(H9:H11) -> 139599.41
A13: Investim./Desinvest. em Fundo Maneio
A14: Fundo de Maneio | C14: =-FundoManeio!C24 -> -74067.979 | D14: =-FundoManeio!D24 -> -20291.922 | E14: =-FundoManeio!E24 -> -25923.694 | F14: =-FundoManeio!F24 -> -26591.044 | G14: =-FundoManeio!G24 -> -28513.616 | H14: =-FundoManeio!H24 -> -14189.999
A16: CASH FLOW de Exploração | C16: =+SUM(C12:C14) -> -135703.88 | D16: =+SUM(D12:D14) -> -50292.863 | E16: =+SUM(E12:E14) -> -7829.8311 | F16: =+SUM(F12:F14) -> 27685.04 | G16: =+SUM(G12:G14) -> 84802.707 | H16: =+SUM(H12:H14) -> 125409.41
A18: Investim./Desinvest. em Capital Fixo
A19: Capital Fixo | C19: =-Investimento!C29 -> -68176.96 | D19: =-Investimento!D29 -> -1277 | E19: =-Investimento!E29 -> 0 | F19: =-Investimento!F29 -> -21951 | G19: =-Investimento!G29 -> 0 | H19: =-Investimento!H29 -> 0
A21: Free cash-flow | C21: =+C12+C14+C19 -> -203880.84 | D21: =+D12+D14+D19 -> -51569.863 | E21: =+E12+E14+E19 -> -7829.8311 | F21: =+F12+F14+F19 -> 5734.0401 | G21: =+G12+G14+G19 -> 84802.707 | H21: =+H12+H14+H19 -> 125409.41
A23: CASH FLOW acumulado | C23: =+SUM(C21) -> -203880.84 | D23: =+SUM($C$21:D21) -> -255450.7 | E23: =+SUM($C$21:E21) -> -263280.53 | F23: =+SUM($C$21:F21) -> -257546.49 | G23: =+SUM($C$21:G21) -> -172743.79 | H23: =+SUM($C$21:H21) -> -47334.381

Sheet PlanoFinanceiro
G1: Empresa: | H1: =+Pressupostos!E1 -> ALI,Conserva&Limpa, Lda
H2: =+Pressupostos!B9 -> Euros
A4: Plano de Financiamento
C7: =+VN!C8 -> 2011 | D7: =+VN!D8 -> 2012 | E7: =+VN!E8 -> 2013 | F7: =+VN!F8 -> 2014 | G7: =+VN!G8 -> 2015 | H7: =+VN!H8 -> 2016
A8: ORIGENS DE FUNDOS
A9: Meios Libertos Brutos | C9: =+DR!B26+DR!B24+DR!B25 -> -87797.203 | D9: =+DR!C26+DR!C24+DR!C25 -> -45723.672 | E9: =+DR!D26+DR!D24+DR!D25 -> 18402.733 | F9: =+DR!E26+DR!E24+DR!E25 -> 65999.236 | G9: =+DR!F26+DR!F24+DR!F25 -> 148440.02 | H9: =+DR!G26+DR!G24+DR!G25 -> 184669.14
A10: Capital Social (entrada de fundos) | C10: =+Financiamento!C15 -> 100000 | D10: =+Financiamento!D15 -> 0 | E10: =+Financiamento!E15 -> 0 | F10: =+Financiamento!F15 -> 0 | G10: =+Financiamento!G15 -> 0 | H10: =+Financiamento!H15 -> 0
A11: Outros instrumentos de capital | C11: =+Financiamento!C16+Financiamento!C17+Financiamento!C19 -> 19900 | D11: =+Financiamento!D16+Financiamento!D17+Financiamento!D19 -> 90000 | E11: =+Financiamento!E16+Financiamento!E17+Financiamento!E19 -> 0 | F11: =+Financiamento!F16+Financiamento!F17+Financiamento!F19 -> 0 | G11: =+Financiamento!G16+Financiamento!G17+Financiamento!G19 -> 0 | H11: =+Financiamento!H16+Financiamento!H17+Financiamento!H19 -> 0
A12: Empréstimos Obtidos | C12: =+Financiamento!C18 -> 25200 | D12: =+Financiamento!D18 -> 0 | E12: =+Financiamento!E18 -> 8306 | F12: =+Financiamento!F18 -> 0 | G12: =+Financiamento!G18 -> 0 | H12: =+Financiamento!H18 -> 0
A13: Desinvest. em Capital Fixo
A14: Desinvest. em FMN | C14: =+IF(FundoManeio!C24<0,-FundoManeio!C24,0) -> 0 | D14: =+IF(FundoManeio!D24<0,-FundoManeio!D24,0) -> 0 | E14: =+IF(FundoManeio!E24<0,-FundoManeio!E24,0) -> 0 | F14: =+IF(FundoManeio!F24<0,-FundoManeio!F24,0) -> 0 | G14: =+IF(FundoManeio!G24<0,-FundoManeio!G24,0) -> 0 | H14: =+IF(FundoManeio!H24<0,-FundoManeio!H24,0) -> 0
A15: Proveitos Financeiros | C15: =+DR!B27 -> 0 | D15: =+DR!C27 -> 0 | E15: =+DR!D27 -> 0 | F15: =+DR!E27 -> 0 | G15: =+DR!F27 -> 392.03171 | H15: =+DR!G27 -> 4130.4674
A17: Total das Origens | C17: =+SUM(C9:C16) -> 57302.797 | D17: =+SUM(D9:D16) -> 44276.328 | E17: =+SUM(E9:E16) -> 26708.733 | F17: =+SUM(F9:F16) -> 65999.236 | G17: =+SUM(G9:G16) -> 148832.06 | H17: =+SUM(H9:H16) -> 188799.61
A18: APLICAÇÕES DE FUNDOS
A19: Inv. Capital Fixo | C19: =+Investimento!C29 -> 68176.96 | D19: =+Investimento!D29 -> 1277 | E19: =+Investimento!E29 -> 0 | F19: =+Investimento!F29 -> 21951 | G19: =+Investimento!G29 -> 0 | H19: =+Investimento!H29 -> 0
A20: Inv Fundo de Maneio | C20: =+IF(FundoManeio!C24>0,FundoManeio!C24,0) -> 74067.979 | D20: =+IF(FundoManeio!D24>0,FundoManeio!D24,0) -> 20291.922 | E20: =+IF(FundoManeio!E24>0,FundoManeio!E24,0) -> 25923.694 | F20: =+IF(FundoManeio!F24>0,FundoManeio!F24,0) -> 26591.044 | G20: =+IF(FundoManeio!G24>0,FundoManeio!G24,0) -> 28513.616 | H20: =+IF(FundoManeio!H24>0,FundoManeio!H24,0) -> 14189.999
A21: Imposto sobre os Lucros | D21: =+DR!B30 -> 0 | E21: =+DR!C30 -> 0 | F21: =+DR!D30 -> 0 | G21: =+DR!E30 -> 0 | H21: =+DR!F30 -> 0
A22: Pagamento de Dividendos
A23: Reembolso de Empréstimos | C23: =+Financiamento!C98 -> 0 | D23: =+Financiamento!D98 -> 4200 | E23: =+Financiamento!E98 -> 12506 | F23: =+Financiamento!F98 -> 4200 | G23: =+Financiamento!G98 -> 4200 | H23: =+Financiamento!H98 -> 4200
A24: Encargos Financeiros | C24: =+DR!B28 -> 8144.3871 | D24: =+DR!C28 -> 7340.3629 | E24: =+DR!D28 -> 9207.2614 | F24: =+DR!E28 -> 7987.0279 | G24: =+DR!F28 -> 721.0728 | H24: =+DR!G28 -> 480.7152
A26: Total das Aplicações | C26: =+SUM(C19:C25) -> 150389.33 | D26: =+SUM(D19:D25) -> 33109.285 | E26: =+SUM(E19:E25) -> 47636.955 | F26: =+SUM(F19:F25) -> 60729.072 | G26: =+SUM(G19:G25) -> 33434.689 | H26: =+SUM(H19:H25) -> 18870.714
A27: Saldo de Tesouraria Anual | C27: =+C17-C26 -> -93086.529 | D27: =+D17-D26 -> 11167.043 | E27: =+E17-E26 -> -20928.222 | F27: =+F17-F26 -> 5270.1638 | G27: =+G17-G26 -> 115397.37 | H27: =+H17-H26 -> 169928.89
A28: Saldo de Tesouraria Acumulado | C28: =+C27 -> -93086.529 | D28: =+C28+D27 -> -81919.486 | E28: =+D28+E27 -> -102847.71 | F28: =+E28+F27 -> -97577.544 | G28: =+F28+G27 -> 17819.821 | H28: =+G28+H27 -> 187748.72
A29: Aplicações / Empréstimo Curto Prazo | C29: -93086.688 | D29: -81919.684 | E29: -102847.91 | F29: -97577.743 | G29: 17819.623 | H29: 187748.52
A30: Soma Controlo | C30: =C28-C29 -> 0.15880833 | D30: =+D28-D29 -> 0.19839167 | E30: =+E28-E29 -> 0.19839167 | F30: =+F28-F29 -> 0.19839167 | G30: =+G28-G29 -> 0.19839167 | H30: =+H28-H29 -> 0.19839167

Sheet Balanço
G1: Empresa: | H1: =+Pressupostos!E1 -> ALI,Conserva&Limpa, Lda
H2: =+Pressupostos!B9 -> Euros
A4: Balanço Previsional
C7: =+VN!C8 -> 2011 | D7: =+VN!D8 -> 2012 | E7: =+VN!E8 -> 2013 | F7: =+VN!F8 -> 2014 | G7: =+VN!G8 -> 2015 | H7: =+VN!H8 -> 2016
A8: ACTIVO
A9: Activo Não Corrente | C9: =SUM(C10:C13) -> 51328.957 | D9: =SUM(D10:D13) -> 35438.704 | E9: =SUM(E10:E13) -> 18271.451 | F9: =SUM(F10:F13) -> 21115.822 | G9: =SUM(G10:G13) -> 13170.6 | H9: =SUM(H10:H13) -> 8780.4
A10: Activos fixos tangíveis | C10: =+Investimento!C178 -> 46427.31 | D10: =+Investimento!D178 -> 32987.881 | E10: =+Investimento!E178 -> 18271.451 | F10: =+Investimento!F178 -> 21115.822 | G10: =+Investimento!G178 -> 13170.6 | H10: =+Investimento!H178 -> 8780.4
A11: Propriedades de investimento | C11: =+Investimento!C177 -> 0 | D11: =+Investimento!D177 -> 0 | E11: =+Investimento!E177 -> 0 | F11: =+Investimento!F177 -> 0 | G11: =+Investimento!G177 -> 0 | H11: =+Investimento!H177 -> 0
A12: Activos Intangíveis | C12: =+Investimento!C179 -> 4901.6467 | D12: =+Investimento!D179 -> 2450.8233 | E12: =+Investimento!E179 -> 0 | F12: =+Investimento!F179 -> 0 | G12: =+Investimento!G179 -> 0 | H12: =+Investimento!H179 -> 0
A13: Investimentos financeiros
A15: Activo corrente | C15: =SUM(C16:C22) -> 197406.33 | D15: =SUM(D16:D22) -> 252421.23 | E15: =SUM(E16:E22) -> 314473.78 | F15: =SUM(F16:F22) -> 381588.42 | G15: =SUM(G16:G22) -> 466705.13 | H15: =SUM(H16:H22) -> 670864.53
A16: Inventários | C16: =+FundoManeio!C11 -> 13997.66 | D16: =+FundoManeio!D11 -> 18670.84 | E16: =+FundoManeio!E11 -> 23963.308 | F16: =+FundoManeio!F11 -> 29915.398 | G16: =+FundoManeio!G11 -> 35666.293 | H16: =+FundoManeio!H11 -> 38573.849
A17: Clientes | C17: =+FundoManeio!C10-VN!C87 -> 154436.14 | D17: =+FundoManeio!D10-SUM(VN!C87:D87) -> 204777.86 | E17: =+FundoManeio!E10-SUM(VN!C87:E87) -> 261537.94 | F17: =+FundoManeio!F10-SUM(VN!C87:F87) -> 322700.49 | G17: =+FundoManeio!G10-SUM(VN!C87:G87) -> 384246.68 | H17: =+FundoManeio!H10-SUM(VN!C87:H87) -> 415569.63
A18: Estado e Outros Entes Públicos | C18: =+FundoManeio!C12 -> 0 | D18: =+FundoManeio!D12 -> 0 | E18: =+FundoManeio!E12 -> 0 | F18: =+FundoManeio!F12 -> 0 | G18: =+FundoManeio!G12 -> 0 | H18: =+FundoManeio!H12 -> 0
A19: Accionistas/sócios
A20: Outras contas a receber
A21: Diferimentos
A22: Caixa e depósitos bancários | C22: =+IF(PlanoFinanceiro!C29>0,PlanoFinanceiro!C29,0)+FundoManeio!C9 -> 28972.531 | D22: =+IF(PlanoFinanceiro!D29>0,PlanoFinanceiro!D29,0)+FundoManeio!D9 -> 28972.531 | E22: =+IF(PlanoFinanceiro!E29>0,PlanoFinanceiro!E29,0)+FundoManeio!E9 -> 28972.531 | F22: =+IF(PlanoFinanceiro!F29>0,PlanoFinanceiro!F29,0)+FundoManeio!F9 -> 28972.531 | G22: =+IF(PlanoFinanceiro!G29>0,PlanoFinanceiro!G29,0)+FundoManeio!G9 -> 46792.154 | H22: =+IF(PlanoFinanceiro!H29>0,PlanoFinanceiro!H29,0)+FundoManeio!H9 -> 216721.05
A23: TOTAL ACTIVO | C23: =+C15+C9 -> 248735.29 | D23: =+D15+D9 -> 287859.94 | E23: =+E15+E9 -> 332745.23 | F23: =+F15+F9 -> 402704.24 | G23: =+G15+G9 -> 479875.73 | H23: =+H15+H9 -> 679644.93
A25: CAPITAL PRÓPRIO
A26: Capital realizado | C26: =+Financiamento!C15 -> 100000 | D26: =+C26+Financiamento!D15 -> 100000 | E26: =+D26+Financiamento!E15 -> 100000 | F26: =+E26+Financiamento!F15 -> 100000 | G26: =+F26+Financiamento!G15 -> 100000 | H26: =+G26+Financiamento!H15 -> 100000
A27: Acções (quotas próprias)
A28: Outros instrumentos de capital próprio | C28: =+Financiamento!C16 -> 0 | D28: =+C28+Financiamento!D16 -> 90000 | E28: =+D28+Financiamento!E16 -> 90000 | F28: =+E28+Financiamento!F16 -> 90000 | G28: =+F28+Financiamento!G16 -> 90000 | H28: =+G28+Financiamento!H16 -> 90000
A29: Reservas | D29: =+C32 -> -112789.59 | E29: =+D29+D32 -> -183020.88 | F29: =+E29+E32 -> -190992.66 | G29: =+F29+F32 -> -152087.08 | H29: =+G29+G32 -> -11921.323
A30: Excedentes de revalorização
A31: Outras variações no capital próprio | C31: =+Financiamento!C19 -> 19900 | D31: =+C31+Financiamento!D19 -> 19900 | E31: =+D31+Financiamento!E19 -> 19900 | F31: =+E31+Financiamento!F19 -> 19900 | G31: =+F31+Financiamento!G19 -> 19900 | H31: =+G31+Financiamento!H19 -> 19900
A32: Resultado líquido do período | C32: =+DR!B31 -> -112789.59 | D32: =+DR!C31 -> -70231.287 | E32: =+DR!D31 -> -7971.7813 | F32: =+DR!E31 -> 38905.578 | G32: =+DR!F31 -> 140165.76 | H32: =+DR!G31 -> 140926.85
A33: TOTAL DO CAPITAL PRÓPRIO | C33: =SUM(C26:C32) -> 7110.4068 | D33: =SUM(D26:D32) -> 26879.119 | E33: =SUM(E26:E32) -> 18907.338 | F33: =SUM(F26:F32) -> 57812.917 | G33: =SUM(G26:G32) -> 197978.68 | H33: =SUM(H26:H32) -> 338905.53
A35: PASSIVO
A37: Passivo não corrente | C37: =SUM(C38:C40) -> 25200 | D37: =SUM(D38:D40) -> 21000 | E37: =SUM(E38:E40) -> 16800 | F37: =SUM(F38:F40) -> 12600 | G37: =SUM(G38:G40) -> 8400 | H37: =SUM(H38:H40) -> 4200
A38: Provisões
A39: Financiamentos obtidos | C39: =+Financiamento!C95 -> 25200 | D39: =+Financiamento!D95 -> 21000 | E39: =+Financiamento!E95 -> 16800 | F39: =+Financiamento!F95 -> 12600 | G39: =+Financiamento!G95 -> 8400 | H39: =+Financiamento!H95 -> 4200
A40: Outras Contas a pagar
A42: Passivo corrente | C42: =SUM(C43:C47) -> 216425.04 | D42: =SUM(D43:D47) -> 239981.02 | E42: =SUM(E43:E47) -> 297038.09 | F42: =SUM(F43:F47) -> 332291.52 | G42: =SUM(G43:G47) -> 273497.25 | H42: =SUM(H43:H47) -> 336539.6
A43: Fornecedores | C43: =+FundoManeio!C17 -> 117224.55 | D43: =+FundoManeio!D17 -> 147509.96 | E43: =+FundoManeio!E17 -> 181745.33 | F43: =+FundoManeio!F17 -> 219972.57 | G43: =+FundoManeio!G17 -> 257118.2 | H43: =+FundoManeio!H17 -> 276200.9
A44: Estado e Outros Entes Públicos | C44: =+FundoManeio!C18+DR!B30 -> 6113.8045 | D44: =+FundoManeio!D18+DR!C30 -> 10551.37 | E44: =+FundoManeio!E18+DR!D30 -> 12444.859 | F44: =+FundoManeio!F18+DR!E30 -> 14741.215 | G44: =+FundoManeio!G18+DR!F30 -> 16379.054 | H44: =+FundoManeio!H18+DR!G30 -> 60338.702
A45: Accionistas/sócios | C45: =+Financiamento!C17 -> 0 | D45: =+C45+Financiamento!D17 -> 0 | E45: =+D45+Financiamento!E17 -> 0 | F45: =+E45+Financiamento!F17 -> 0 | G45: =+F45+Financiamento!G17 -> 0 | H45: =+G45+Financiamento!H17 -> 0
A46: Financiamentos Obtidos | C46: =+IF(PlanoFinanceiro!C29<0,-PlanoFinanceiro!C29,0) -> 93086.688 | D46: =+IF(PlanoFinanceiro!D29<0,-PlanoFinanceiro!D29,0) -> 81919.684 | E46: =+IF(PlanoFinanceiro!E29<0,-PlanoFinanceiro!E29,0) -> 102847.91 | F46: =+IF(PlanoFinanceiro!F29<0,-PlanoFinanceiro!F29,0) -> 97577.743 | G46: =+IF(PlanoFinanceiro!G29<0,-PlanoFinanceiro!G29,0) -> 0 | H46: =+IF(PlanoFinanceiro!H29<0,-PlanoFinanceiro!H29,0) -> 0
A47: Outras contas a pagar
A49: TOTAL PASSIVO | C49: =+C42+C37 -> 241625.04 | D49: =+D42+D37 -> 260981.02 | E49: =+E42+E37 -> 313838.09 | F49: =+F42+F37 -> 344891.52 | G49: =+G42+G37 -> 281897.25 | H49: =+H42+H37 -> 340739.6
A51: TOTAL PASSIVO + CAPITAIS PRÓPRIOS | C51: =+C49+C33 -> 248735.45 | D51: =+D49+D33 -> 287860.14 | E51: =+E49+E33 -> 332745.43 | F51: =+F49+F33 -> 402704.44 | G51: =+G49+G33 -> 479875.93 | H51: =+H49+H33 -> 679645.13
C53: =+C23-C51 -> -0.15880833 | D53: =+D23-D51 -> -0.19839167 | E53: =+E23-E51 -> -0.19839167 | F53: =+F23-F51 -> -0.19839167 | G53: =+G23-G51 -> -0.19839167 | H53: =+H23-H51 -> -0.19839167
D54: =+D53-C53 -> -0.039583333 | E54: =+E53-D53 -> 1.1641532e-10 | F54: =+F53-E53 -> -1.7462298e-10 | G54: =+G53-F53 -> 0 | H54: =+H53-G53 -> 1.1641532e-10

Sheet Indicadores
F1: =+VN!G1 -> Empresa: | G1: =+Pressupostos!E1 -> ALI,Conserva&Limpa, Lda
A4: Principais Indicadores
A6: INDICADORES ECONÓMICOS | B6: =+VN!C8 -> 2011 | C6: =+VN!D8 -> 2012 | D6: =+VN!E8 -> 2013 | E6: =+VN!F8 -> 2014 | F6: =+VN!G8 -> 2015 | G6: =+VN!H8 -> 2016
A7: Taxa de Crescimento do Negócio | C7: =+(DR!C8/DR!B8)-1 -> 0.32597114 | D7: =+(DR!D8/DR!C8)-1 -> 0.27717878 | E7: =+(DR!E8/DR!D8)-1 -> 0.23467866 | F7: =+(DR!F8/DR!E8)-1 -> 0.19068394 | G7: =+(DR!G8/DR!F8)-1 -> 0.081517802
A8: Rentabilidade Líquida sobre o rédito | B8: =DR!B31/DR!B8 -> -0.19353788 | C8: =DR!C31/DR!C8 -> -0.090885269 | D8: =DR!D31/DR!D8 -> -0.0080773063 | E8: =DR!E31/DR!E8 -> 0.031927808 | F8: =DR!F31/DR!F8 -> 0.096605683 | G8: =DR!G31/DR!G8 -> 0.089809197
A10: INDICADORES ECONÓMICOS - FINANCEIROS | B10: =+B6 -> 2011 | C10: =+C6 -> 2012 | D10: =+D6 -> 2013 | E10: =+E6 -> 2014 | F10: =+F6 -> 2015 | G10: =+G6 -> 2016
A11: Return On Investment (ROI) | B11: =DR!B31/Balanço!C23 -> -0.45345232 | C11: =DR!C31/Balanço!D23 -> -0.24397729 | D11: =DR!D31/Balanço!E23 -> -0.023957613 | E11: =DR!E31/Balanço!F23 -> 0.096610799 | F11: =DR!F31/Balanço!G23 -> 0.29208762 | G11: =DR!G31/Balanço!H23 -> 0.20735364
A12: Rendibilidade do Activo | B12: =+DR!B26/Balanço!C23 -> -0.42070913 | C12: =+DR!C26/Balanço!D23 -> -0.21847752 | D12: =+DR!D26/Balanço!E23 -> 0.0037129911 | E12: =+DR!E26/Balanço!F23 -> 0.11644428 | F12: =+DR!F26/Balanço!G23 -> 0.2927733 | G12: =+DR!G26/Balanço!H23 -> 0.2652546
A13: Rotação do Activo | B13: =DR!B8/Balanço!C23 -> 2.3429642 | C13: =DR!C8/Balanço!D23 -> 2.6844536 | D13: =DR!D8/Balanço!E23 -> 2.9660399 | E13: =DR!E8/Balanço!F23 -> 3.0259139 | F13: =DR!F8/Balanço!G23 -> 3.0235035 | G13: =DR!G8/Balanço!H23 -> 2.3088241
A14: Rendibilidade dos Capitais Próprios (ROE) | B14: =+DR!B31/Balanço!C33 -> -15.862608 | C14: =+DR!C31/Balanço!D33 -> -2.6128567 | D14: =+DR!D31/Balanço!E33 -> -0.42162367 | E14: =+DR!E31/Balanço!F33 -> 0.67295651 | F14: =+DR!F31/Balanço!G33 -> 0.70798413 | G14: =+DR!G31/Balanço!H33 -> 0.41582931
A16: INDICADORES FINANCEIROS | B16: =+B6 -> 2011 | C16: =+C6 -> 2012 | D16: =+D6 -> 2013 | E16: =+E6 -> 2014 | F16: =+F6 -> 2015 | G16: =+G6 -> 2016
A17: Autonomia Financeira | B17: =Balanço!C33/Balanço!C23 -> 0.028586241 | C17: =Balanço!D33/Balanço!D23 -> 0.093375687 | D17: =Balanço!E33/Balanço!E23 -> 0.056822266 | E17: =Balanço!F33/Balanço!F23 -> 0.14356173 | F17: =Balanço!G33/Balanço!G23 -> 0.41256239 | G17: =Balanço!H33/Balanço!H23 -> 0.49865086
A18: Solvabilidade Total | B18: =Balanço!C23/Balanço!C49 -> 1.0294268 | C18: =Balanço!D23/Balanço!D49 -> 1.1029919 | D18: =Balanço!E23/Balanço!E49 -> 1.0602449 | E18: =Balanço!F23/Balanço!F49 -> 1.1676258 | F18: =Balanço!G23/Balanço!G49 -> 1.7023072 | G18: =Balanço!H23/Balanço!H49 -> 1.9946168
A19: Cobertura dos encargos financeiros | B19: =+DR!B26/DR!B28 -> -12.848751 | C19: =+DR!C26/DR!C28 -> -8.5678223 | D19: =+DR!D26/DR!D28 -> 0.1341854 | E19: =+DR!E26/DR!E28 -> 5.8710959 | F19: =+DR!F26/DR!F28 -> 194.84136 | G19: =+DR!G26/DR!G28 -> 375.02234
A21: INDICADORES DE LIQUIDEZ | B21: =+B6 -> 2011 | C21: =+C6 -> 2012 | D21: =+D6 -> 2013 | E21: =+E6 -> 2014 | F21: =+F6 -> 2015 | G21: =+G6 -> 2016
A22: Liquidez Corrente | B22: =Balanço!C15/Balanço!C42 -> 0.91212334 | C22: =Balanço!D15/Balanço!D42 -> 1.0518383 | D22: =Balanço!E15/Balanço!E42 -> 1.0586985 | E22: =Balanço!F15/Balanço!F42 -> 1.1483544 | F22: =Balanço!G15/Balanço!G42 -> 1.7064344 | G22: =Balanço!H15/Balanço!H42 -> 1.9934193
A23: Liquidez Reduzida | B23: =(Balanço!C17+Balanço!C18+Balanço!C19+Balanço!C20+Balanço!C21+Balanço!C22)/Balanço!C42 -> 0.84744663 | C23: =(Balanço!D17+Balanço!D18+Balanço!D19+Balanço!D20+Balanço!D21+Balanço!D22)/Balanço!D42 -> 0.97403701 | D23: =(Balanço!E17+Balanço!E18+Balanço!E19+Balanço!E20+Balanço!E21+Balanço!E22)/Balanço!E42 -> 0.9780243 | E23: =(Balanço!F17+Balanço!F18+Balanço!F19+Balanço!F20+Balanço!F21+Balanço!F22)/Balanço!F42 -> 1.0583268 | F23: =(Balanço!G17+Balanço!G18+Balanço!G19+Balanço!G20+Balanço!G21+Balanço!G22)/Balanço!G42 -> 1.5760262 | G23: =(Balanço!H17+Balanço!H18+Balanço!H19+Balanço!H20+Balanço!H21+Balanço!H22)/Balanço!H42 -> 1.8788002
A25: INDICADORES DE RISCO NEGÓCIO | B25: =+B6 -> 2011 | C25: =+C6 -> 2012 | D25: =+D6 -> 2013 | E25: =+E6 -> 2014 | F25: =+F6 -> 2015 | G25: =+G6 -> 2016
A26: Margem Bruta | B26: =DR!B8-DR!B11-DR!B13-DR!B14 -> 136645.36 | C26: =DR!C8-DR!C11-DR!C13-DR!C14 -> 212254.03 | D26: =DR!D8-DR!D11-DR!D13-DR!D14 -> 297175.93 | E26: =DR!E8-DR!E11-DR!E13-DR!E14 -> 383645.71 | F26: =DR!F8-DR!F11-DR!F13-DR!F14 -> 475643.15 | G26: =DR!G8-DR!G11-DR!G13-DR!G14 -> 521751.03
A27: Grau de Alavanca Operacional | B27: =+B26/DR!B26 -> -1.3057967 | C27: =+C26/DR!C26 -> -3.3749548 | D27: =+D26/DR!D26 -> 240.53478 | E27: =+E26/DR!E26 -> 8.1813688 | F27: =+F26/DR!F26 -> 3.3854858 | G27: =+G26/DR!G26 -> 2.8941319
A28: Grau de Alavanca Financeira | B28: =+DR!B26/DR!B29 -> 0.92779132 | C28: =+DR!C26/DR!C29 -> 0.89548301 | D28: =+DR!D26/DR!D29 -> -0.15498168 | E28: =+DR!E26/DR!E29 -> 1.2052926 | F28: =+DR!F26/DR!F29 -> 1.0023475 | G28: =+DR!G26/DR!G29 -> 0.9801567

Sheet Avaliação
H1: =+VN!G1 -> Empresa: | I1: =+Pressupostos!E1 -> ALI,Conserva&Limpa, Lda
A4: Avaliação do Projecto / Empresa
A7: Na perspectiva do Investidor | C7: =+VN!C8 -> 2011 | D7: =+VN!D8 -> 2012 | E7: =+VN!E8 -> 2013 | F7: =+VN!F8 -> 2014 | G7: =+VN!G8 -> 2015 | H7: =+VN!H8 -> 2016 | I7: =H7+1 -> 2017
A9: Free Cash Flow do Equity | C9: =+'Cash Flow'!C21+PlanoFinanceiro!C12-PlanoFinanceiro!C23-DR!B28 -> -186825.23 | D9: =+'Cash Flow'!D21+PlanoFinanceiro!D12-PlanoFinanceiro!D23-DR!C28 -> -63110.226 | E9: =+'Cash Flow'!E21+PlanoFinanceiro!E12-PlanoFinanceiro!E23-DR!D28 -> -21237.092 | F9: =+'Cash Flow'!F21+PlanoFinanceiro!F12-PlanoFinanceiro!F23-DR!E28 -> -6452.9877 | G9: =+'Cash Flow'!G21+PlanoFinanceiro!G12-PlanoFinanceiro!G23-DR!F28 -> 79881.634 | H9: =+'Cash Flow'!H21+PlanoFinanceiro!H12-PlanoFinanceiro!H23-DR!G28 -> 120728.69 | I9: =+(H9*(1+Pressupostos!B37))/(I13-Pressupostos!B37) -> 1277170.6
L10: CF | M10: CF Acum
A11: Taxa de juro de activos sem risco | C11: =+Pressupostos!B34 -> 0.0375 | D11: =+C11*(1+VN!D9) -> 0.038625 | E11: =+D11*(1+VN!E9) -> 0.03978375 | F11: =+E11*(1+VN!F9) -> 0.040977263 | G11: =+F11*(1+VN!G9) -> 0.04220658 | H11: =+G11*(1+VN!H9) -> 0.043472778 | I11: =+H11*(1+VN!H9) -> 0.044776961 | K11: Ano 0 | L11: =+C16 -> -186825.23 | M11: =+L11 -> -186825.23 | N11: =IF(M11>0,M11/L11*12) -> FALSE
A12: Prémio de risco de mercado | C12: =+Pressupostos!B35 -> 0.1 | D12: =+C12 -> 0.1 | E12: =+D12 -> 0.1 | F12: =+E12 -> 0.1 | G12: =+F12 -> 0.1 | H12: =+G12 -> 0.1 | I12: =+H12 -> 0.1 | K12: Ano 1 | L12: =+D16 -> -55239.314 | M12: =+M11+L12 -> -242064.54 | N12: =IF(M12>0,M12/L12*12) -> FALSE
A13: Taxa de Actualização | C13: =+(1+C11)*(1+C12)-1 -> 0.14125 | D13: =+(1+D11)*(1+D12)-1 -> 0.1424875 | E13: =+(1+E11)*(1+E12)-1 -> 0.14376213 | F13: =+(1+F11)*(1+F12)-1 -> 0.14507499 | G13: =+(1+G11)*(1+G12)-1 -> 0.14642724 | H13: =+(1+H11)*(1+H12)-1 -> 0.14782006 | I13: =+(1+I11)*(1+I12)-1 -> 0.14925466 | K13: Ano 2 | L13: =+E16 -> -16252.04 | M13: =+M12+L13 -> -258316.58 | N13: =IF(M13>0,M13/L13*12) -> FALSE
A14: Factor actualização | C14: 1 | D14: =+C14*(1+D13) -> 1.1424875 | E14: =+D14*(1+E13) -> 1.3067339 | F14: =+E14*(1+F13) -> 1.4963083 | G14: =+F14*(1+G13) -> 1.7154086 | H14: =+G14*(1+H13) -> 1.9689804 | I14: =+H14*(1+I13) -> 2.2628599 | K14: Ano 3 | L14: =+F16 -> -4312.6056 | M14: =+M13+L14 -> -262629.19 | N14: =IF(M14>0,M14/L14*12) -> FALSE
K15: Ano 4 | L15: =+G16 -> 46567.116 | M15: =+M14+L15 -> -216062.07 | N15: =IF(M15>0,M15/L15*12) -> FALSE
A16: Fluxos Actualizados | C16: =+C9/C14 -> -186825.23 | D16: =+D9/D14 -> -55239.314 | E16: =+E9/E14 -> -16252.04 | F16: =+F9/F14 -> -4312.6056 | G16: =+G9/G14 -> 46567.116 | H16: =+H9/H14 -> 61315.333 | I16: =+I9/I14 -> 564405.48 | K16: Ano 5 | L16: =+H16 -> 61315.333 | M16: =+M15+L16 -> -154746.74 | N16: =IF(M16>0,M16/L16*12) -> FALSE
K17: Ano 6 | L17: =+I16 -> 564405.48 | M17: =+M16+L17 -> 409658.75 | N17: =IF(M17>0,M17/L17*12) -> 8.7098816
C18: =+C16 -> -186825.23 | D18: =+SUM($C$16:D16) -> -242064.54 | E18: =+SUM($C$16:E16) -> -258316.58 | F18: =+SUM($C$16:F16) -> -262629.19 | G18: =+SUM($C$16:G16) -> -216062.07 | H18: =+SUM($C$16:H16) -> -154746.74 | I18: =+SUM($C$16:I16) -> 409658.75
A20: Valor Actual Líquido (VAL) | C20: =I18 -> 409658.75
C22: =+IRR(C9,0.1) -> #NUM! | D22: =+IRR($C$9:D9,0.1) -> #NUM! | E22: =+IRR($C$9:E9,0.1) -> #NUM! | F22: =+IRR($C$9:F9,0.1) -> #NUM! | G22: =+IRR($C$9:G9,0.1) -> #NUM! | H22: =+IRR($C$9:H9,0.1) -> -0.075492981 | I22: =+IRR($C$9:I9,0.1) -> 0.36391301
A24: Taxa Interna de Rentibilidade | C24: =+I22 -> 0.36391301
A26: Pay Back period | C26: =COUNTIF(N11:N16,"falso") -> 6 | D26: Anos
A29: Na perspectiva do Projecto | C29: =+VN!C8 -> 2011 | D29: =+VN!D8 -> 2012 | E29: =+VN!E8 -> 2013 | F29: =+VN!F8 -> 2014 | G29: =+VN!G8 -> 2015 | H29: =+VN!H8 -> 2016 | I29: =+H29+1 -> 2017 | L29: CF | M29: CF Acum
K30: Ano 0 | L30: =+C36 -> -203880.84 | M30: =+L30 -> -203880.84 | N30: =IF(M30>0,M30/L30*12) -> FALSE
A31: Free Cash Flow to Firm | C31: =+'Cash Flow'!C21 -> -203880.84 | D31: =+'Cash Flow'!D21 -> -51569.863 | E31: =+'Cash Flow'!E21 -> -7829.8311 | F31: =+'Cash Flow'!F21 -> 5734.0401 | G31: =+'Cash Flow'!G21 -> 84802.707 | H31: =+'Cash Flow'!H21 -> 125409.41 | I31: =(H31*(1+Pressupostos!B37))/(Avaliação!I33-Pressupostos!B37) -> 1408751.1 | K31: Ano 1 | L31: =+D36 -> -48217.596 | M31: =+M30+L31 -> -252098.44 | N31: =IF(M31>0,M31/L31*12) -> FALSE
K32: Ano 2 | L32: =+E36 -> -6863.959 | M32: =+M31+L32 -> -258962.4 | N32: =IF(M32>0,M32/L32*12) -> FALSE
A33: WACC | C33: =+B60 -> 0.059395969 | D33: =+C60 -> 0.069523727 | E33: =+D60 -> 0.06656491 | F33: =+E60 -> 0.12994303 | G33: =+F60 -> 0.1403742 | H33: =+G60 -> 0.14347278 | I33: =+H33 -> 0.14347278 | K33: Ano 3 | L33: =+F36 -> 4448.6319 | M33: =+M32+L33 -> -254513.76 | N33: =IF(M33>0,M33/L33*12) -> FALSE
A34: Factor de actualização | C34: 1 | D34: =+C34*(1+D33) -> 1.0695237 | E34: =+D34*(1+E33) -> 1.1407165 | F34: =+E34*(1+F33) -> 1.2889446 | G34: =+F34*(1+G33) -> 1.4698792 | H34: =+G34*(1+H33) -> 1.6807669 | I34: =+H34*(1+I33) -> 1.9219111 | K34: Ano 4 | L34: =+G36 -> 57693.657 | M34: =+M33+L34 -> -196820.11 | N34: =IF(M34>0,M34/L34*12) -> FALSE
K35: Ano 5 | L35: =+H36 -> 74614.398 | M35: =+M34+L35 -> -122205.71 | N35: =IF(M35>0,M35/L35*12) -> FALSE
A36: Fluxos actualizados | C36: =+C31/C34 -> -203880.84 | D36: =+D31/D34 -> -48217.596 | E36: =+E31/E34 -> -6863.959 | F36: =+F31/F34 -> 4448.6319 | G36: =+G31/G34 -> 57693.657 | H36: =+H31/H34 -> 74614.398 | I36: =+I31/I34 -> 732994.91
C38: =+C36 -> -203880.84 | D38: =+SUM($C$36:D36) -> -252098.44 | E38: =+SUM($C$36:E36) -> -258962.4 | F38: =+SUM($C$36:F36) -> -254513.76 | G38: =+SUM($C$36:G36) -> -196820.11 | H38: =+SUM($C$36:H36) -> -122205.71 | I38: =+SUM($C$36:I36) -> 610789.2
A40: Valor Actual Líquido (VAL) | C40: =+I38 -> 610789.2
C42: =+IRR(C31,0.1) -> #NUM! | D42: =+IRR($C$31:D31,0.1) -> #NUM! | E42: =+IRR($C$31:E31,0.1) -> #NUM! | F42: =+IRR($C$31:F31,0.1) -> #NUM! | G42: =+IRR($C$31:G31,0.1) -> #NUM! | H42: =+IRR($C$31:H31,0.1) -> -0.045046106 | I42: =+IRR($C$31:I31,0.1) -> 0.38928438
A44: Taxa Interna de Rentibilidade | C44: =+I42 -> 0.38928438
A46: Pay Back period | C46: =COUNTIF(N30:N35,"falso") -> 6 | D46: Anos
A49: Cálculo do WACC | B49: =+C29 -> 2011 | C49: =+B49+1 -> 2012 | D49: =+C49+1 -> 2013 | E49: =+D49+1 -> 2014 | F49: =+E49+1 -> 2015 | G49: =+F49+1 -> 2016
A50: Passivo Remunerado | B50: =+Balanço!D39+Balanço!D46 -> 102919.68 | C50: =+Balanço!E39+Balanço!E46 -> 119647.91 | D50: =+Balanço!F39+Balanço!F46 -> 110177.74 | E50: =+Balanço!G39+Balanço!G46 -> 8400 | F50: =+Balanço!H39+Balanço!H46 -> 4200 | G50: =+Balanço!I39+Balanço!I46 -> 0
A51: Capital Próprio | B51: =+Balanço!C33 -> 7110.4068 | C51: =+Balanço!D33 -> 26879.119 | D51: =+Balanço!E33 -> 18907.338 | E51: =+Balanço!F33 -> 57812.917 | F51: =+Balanço!G33 -> 197978.68 | G51: =+Balanço!H33 -> 338905.53
A52: TOTAL | B52: =+B50+B51 -> 110030.09 | C52: =+C50+C51 -> 146527.03 | D52: =+D50+D51 -> 129085.08 | E52: =+E50+E51 -> 66212.917 | F52: =+F50+F51 -> 202178.68 | G52: =+G50+G51 -> 338905.53
A53: % Passivo remunerado | B53: =+B50/B52 -> 0.93537762 | C53: =+C50/C52 -> 0.81655862 | D53: =+D50/D52 -> 0.85352809 | E53: =+E50/E52 -> 0.12686346 | F53: =+F50/F52 -> 0.020773704 | G53: =+G50/G52 -> 0
A54: % Capital Próprio | B54: =+B51/B52 -> 0.064622384 | C54: =+C51/C52 -> 0.18344138 | D54: =+D51/D52 -> 0.14647191 | E54: =+E51/E52 -> 0.87313654 | F54: =+F51/F52 -> 0.9792263 | G54: =+G51/G52 -> 1
A56: Custo
A57: Custo Financiamento | B57: =+Pressupostos!$B$32 -> 0.072 | C57: =+Pressupostos!$B$32 -> 0.072 | D57: =+Pressupostos!$B$32 -> 0.072 | E57: =+Pressupostos!$B$32 -> 0.072 | F57: =+Pressupostos!$B$32 -> 0.072 | G57: =+Pressupostos!$B$32 -> 0.072
A58: Custo financiamento com efeito fiscal | B58: =B57*(1-Pressupostos!$B$28) -> 0.054 | C58: =C57*(1-Pressupostos!$B$28) -> 0.054 | D58: =D57*(1-Pressupostos!$B$28) -> 0.054 | E58: =E57*(1-Pressupostos!$B$28) -> 0.054 | F58: =F57*(1-Pressupostos!$B$28) -> 0.054 | G58: =G57*(1-Pressupostos!$B$28) -> 0.054
A59: Custo Capital | B59: =(C11+(Pressupostos!$B$36*Pressupostos!$B$35)) -> 0.1375 | C59: =(D11+(Pressupostos!$B$36*Pressupostos!$B$35)) -> 0.138625 | D59: =(E11+(Pressupostos!$B$36*Pressupostos!$B$35)) -> 0.13978375 | E59: =(F11+(Pressupostos!$B$36*Pressupostos!$B$35)) -> 0.14097726 | F59: =(G11+(Pressupostos!$B$36*Pressupostos!$B$35)) -> 0.14220658 | G59: =(H11+(Pressupostos!$B$36*Pressupostos!$B$35)) -> 0.14347278
A60: Custo ponderado | B60: =(B53*B58)+(B54*B59) -> 0.059395969 | C60: =(C53*C58)+(C54*C59) -> 0.069523727 | D60: =(D53*D58)+(D54*D59) -> 0.06656491 | E60: =(E53*E58)+(E54*E59) -> 0.12994303 | F60: =(F53*F58)+(F54*F59) -> 0.1403742 | G60: =(G53*G58)+(G54*G59) -> 0.14347278

Sheet Calculos Auxiliares
E1: Empresa: | H1: =+Pressupostos!E1 -> ALI,Conserva&Limpa, Lda
A4: Cálculos Auxiliares
A6: Consumo de Unidades de Matérias-Primas por Unidade de Produto Acabado
A7: Matérias Primas e Subsidiárias (descriminação) | B7: Unidade de Medida | C7: Bolo de aniversário morangos de chocolate com massa de manteiga | D7: Bolo de aniversário com doce de ovos com massa pão-de-ló
A8: Massa de manteiga e massa de pão-de-ló
A9: ovos | B9: unid | C9: 4 | D9: 5
A10: limão | B10: unid | C10: 1 | D10: 1
A11: açucar | B11: kg | D11: 0.15
A12: farinha de trigo | B12: kg | C12: 0.3 | D12: 0.15
A13: farinha fécula de batata | B13: kg | D13: 0.1
A14: fermento | B14: kg | C14: 0.01 | D14: 0.01
A15: manteiga | B15: kg | C15: 0.025
A16: sal | B16: kg | C16: 0.003
A17: leite | B17: lt | C17: 0.125
A18: Doce de morango | B18: kg | C18: 0.05
A19: Recheio: Creme de chocolate de leite e de chocolate preto
A20: Choolate preto | B20: kg | C20: 0.1
A21: Chocolate de leite | B21: kg | C21: 0.1
A22: Cacau (chocolate em pó) | B22: kg | C22: 0.024
A23: Natas | B23: lt | C23: 0.05
A24: Leite | B24: lt | C24: 0.05
A25: Cobertura: morangos com natas
A26: Louro | B26: kg | C26: 0.003
A27: Morangos | B27: kg | C27: 0.125
A28: Natas | B28: lt | C28: 0.05
A29: Creme de chocolate com amêndoas:
A30: chocolate de culinária | B30: kg | D30: 0.15
A31: manteiga | B31: kg | D31: 0.04
A32: natas | B32: kg | D32: 0.05
A33: amêndoa picada | B33: kg | D33: 0.08
A34: Cobertura: doce de ovos
A35: água | B35: lt | D35: 0.125
A36: açúcar | B36: kg | D36: 0.115
A37: ovos | B37: Unidade | D37: 10
A38: Essência de baunilha (cerca de 2/3 gotinhas) | B38: kg | D38: 0.02
A39: Embalagens:
A40: Caixa cartolina(27*27*11cm) | B40: unid | C40: 1 | D40: 1
A42: Produção (em Quantidades) | H42: Unidades físicas
A43: Produtos | C43: =+Pressupostos!B11 -> 2011 | D43: =+C43+1 -> 2012 | E43: 2013 | F43: 2014 | G43: 2015 | H43: 2016
A44: Bolo de aniversário morangos com chocolate | C44: 1839 | D44: 2022.9 | E44: 2165 | F44: 2316 | G44: 2478 | H44: 2602
A45: Bolo de aniversário com doce de ovos | C45: 868 | D45: 954.8 | E45: 1003 | F45: 1093 | G45: 1213 | H45: 1274
A46: TOTAL | C46: =+SUM(C44:C45) -> 2707 | D46: =+SUM(D44:D45) -> 2977.7 | E46: =+SUM(E44:E45) -> 3168 | F46: =+SUM(F44:F45) -> 3409 | G46: =+SUM(G44:G45) -> 3691 | H46: =+SUM(H44:H45) -> 3876
A48: Consumo de Matérias Primas 1* | H48: Unidades físicas
A49: Matérias Primas e Subsidiárias | C49: =+C43 -> 2011 | D49: =+D43 -> 2012 | E49: =+E43 -> 2013 | F49: 2014 | G49: 2015 | H49: =+H43 -> 2016
A50: Massa de manteiga e massa de pão-de-ló:
A51: ovos | C51: =$C$44*C9+$C$45*D9 -> 11696 | D51: =$D$44*D9+$D$45*E9 -> 10114.5 | E51: =$E$44*C9+$E$45*D9 -> 13675 | F51: =$F$44*C9+$F$45*D9 -> 14729 | G51: =$G$44*C9+$G$45*D9 -> 15977 | H51: =$H$44*C9+$H$45*D9 -> 16778
A52: limão | C52: =$C$44*C10+$C$45*D10 -> 2707 | D52: =$D$44*D10+$D$45*E10 -> 2022.9 | E52: =$E$44*C10+$E$45*D10 -> 3168 | F52: =$F$44*C10+$F$45*D10 -> 3409 | G52: =$G$44*C10+$G$45*D10 -> 3691 | H52: =$H$44*C10+$H$45*D10 -> 3876
A53: açucar | C53: =$C$44*C11+$C$45*D11 -> 130.2 | D53: =$D$44*D11+$D$45*E11 -> 303.435 | E53: =$E$44*C11+$E$45*D11 -> 150.45 | F53: =$F$44*C11+$F$45*D11 -> 163.95 | G53: =$G$44*C11+$G$45*D11 -> 181.95 | H53: =$H$44*C11+$H$45*D11 -> 191.1
A54: farinha de trigo | C54: =$C$44*C12+$C$45*D12 -> 681.9 | D54: =$D$44*D12+$D$45*E12 -> 303.435 | E54: =$E$44*C12+$E$45*D12 -> 799.95 | F54: =$F$44*C12+$F$45*D12 -> 858.75 | G54: =$G$44*C12+$G$45*D12 -> 925.35 | H54: =$H$44*C12+$H$45*D12 -> 971.7
A55: farinha fécula de batata | C55: =$C$44*C13+$C$45*D13 -> 86.8 | D55: =$D$44*D13+$D$45*E13 -> 202.29 | E55: =$E$44*C13+$E$45*D13 -> 100.3 | F55: =$F$44*C13+$F$45*D13 -> 109.3 | G55: =$G$44*C13+$G$45*D13 -> 121.3 | H55: =$H$44*C13+$H$45*D13 -> 127.4
A56: fermento | C56: =$C$44*C14+$C$45*D14 -> 27.07 | D56: =$D$44*D14+$D$45*E14 -> 20.229 | E56: =$E$44*C14+$E$45*D14 -> 31.68 | F56: =$F$44*C14+$F$45*D14 -> 34.09 | G56: =$G$44*C14+$G$45*D14 -> 36.91 | H56: =$H$44*C14+$H$45*D14 -> 38.76
A57: manteiga | C57: =$C$44*C15+$C$45*D15 -> 45.975 | D57: =$D$44*D15+$D$45*E15 -> 0 | E57: =$E$44*C15+$E$45*D15 -> 54.125 | F57: =$F$44*C15+$F$45*D15 -> 57.9 | G57: =$G$44*C15+$G$45*D15 -> 61.95 | H57: =$H$44*C15+$H$45*D15 -> 65.05
A58: sal | C58: =$C$44*C16+$C$45*D16 -> 5.517 | D58: =$D$44*D16+$D$45*E16 -> 0 | E58: =$E$44*C16+$E$45*D16 -> 6.495 | F58: =$F$44*C16+$F$45*D16 -> 6.948 | G58: =$G$44*C16+$G$45*D16 -> 7.434 | H58: =$H$44*C16+$H$45*D16 -> 7.806
A59: leite | C59: =$C$44*C17+$C$45*D17 -> 229.875 | D59: =$D$44*D17+$D$45*E17 -> 0 | E59: =$E$44*C17+$E$45*D17 -> 270.625 | F59: =$F$44*C17+$F$45*D17 -> 289.5 | G59: =$G$44*C17+$G$45*D17 -> 309.75 | H59: =$H$44*C17+$H$45*D17 -> 325.25
A60: Doce de morango | C60: =$C$44*C18+$C$45*D18 -> 91.95 | D60: =$D$44*D18+$D$45*E18 -> 0 | E60: =$E$44*C18+$E$45*D18 -> 108.25 | F60: =$F$44*C18+$F$45*D18 -> 115.8 | G60: =$G$44*C18+$G$45*D18 -> 123.9 | H60: =$H$44*C18+$H$45*D18 -> 130.1
A61: Recheio: Creme de chocolate de leite e de chocolate preto | C61: =$C$44*C19+$C$45*D19 -> 0 | D61: =$D$44*D19+$D$45*E19 -> 0 | E61: =$E$44*C19+$E$45*D19 -> 0 | F61: =$F$44*C19+$F$45*D19 -> 0 | G61: =$G$44*C19+$G$45*D19 -> 0 | H61: =$H$44*C19+$H$45*D19 -> 0
A62: Choolate preto | C62: =$C$44*C20+$C$45*D20 -> 183.9 | D62: =$D$44*D20+$D$45*E20 -> 0 | E62: =$E$44*C20+$E$45*D20 -> 216.5 | F62: =$F$44*C20+$F$45*D20 -> 231.6 | G62: =$G$44*C20+$G$45*D20 -> 247.8 | H62: =$H$44*C20+$H$45*D20 -> 260.2
... A82: Caixa cartolina(27*27*11cm) | C82: =$C$44*C40+$C$45*D40 -> 2707 | D82: =$D$44*D40+$D$45*E40 -> 2022.9 | E82: =$E$44*C40+$E$45*D40 -> 3168 | F82: =$F$44*C40+$F$45*D40 -> 3409 | G82: =$G$44*C40+$G$45*D40 -> 3691 | H82: =$H$44*C40+$H$45*D40 -> 3876
A86: Preço das Matérias Primas e Subsidiárias
A87: Matérias Primas e Subsidiárias | C87: =+C49 -> 2011 | D87: =+D49 -> 2012 | E87: =+E49 -> 2013 | F87: 2014 | G87: 2015 | H87: =+H49 -> 2016
A88: Massa de manteiga e massa de pão-de-ló:
A89: ovos | C89: 0.074722222 | D89: =C89*1.03 -> 0.076963889 | E89: =C89*1.03 -> 0.076963889 | F89: =D89*1.03 -> 0.079272806 | G89: =E89*1.03 -> 0.079272806 | H89: =F89*1.03 -> 0.08165099
A90: limão | C90: 0.093333333 | D90: =C90*1.03 -> 0.096133333 | E90: =C90*1.03 -> 0.096133333 | F90: =D90*1.03 -> 0.099017333 | G90: =E90*1.03 -> 0.099017333 | H90: =F90*1.03 -> 0.10198785
A91: açucar | C91: 0.59333333 | D91: =C91*1.03 -> 0.61113333 | E91: =C91*1.03 -> 0.61113333 | F91: =D91*1.03 -> 0.62946733 | G91: =E91*1.03 -> 0.62946733 | H91: =F91*1.03 -> 0.64835135
A92: farinha de trigo | C92: 0.23333333 | D92: =C92*1.03 -> 0.24033333 | E92: =C92*1.03 -> 0.24033333 | F92: =D92*1.03 -> 0.24754333 | G92: =E92*1.03 -> 0.24754333 | H92: =F92*1.03 -> 0.25496963
A93: farinha fécula de batata | C93: 0.75333333 | D93: =C93*1.03 -> 0.77593333 | E93: =C93*1.03 -> 0.77593333 | F93: =D93*1.03 -> 0.79921133 | G93: =E93*1.03 -> 0.79921133 | H93: =F93*1.03 -> 0.82318767
A94: fermento | C94: 4.8466667 | D94: =C94*1.03 -> 4.9920667 | E94: =C94*1.03 -> 4.9920667 | F94: =D94*1.03 -> 5.1418287 | G94: =E94*1.03 -> 5.1418287 | H94: =F94*1.03 -> 5.2960835
A95: manteiga | C95: 3.0533333 | D95: =C95*1.03 -> 3.1449333 | E95: =C95*1.03 -> 3.1449333 | F95: =D95*1.03 -> 3.2392813 | G95: =E95*1.03 -> 3.2392813 | H95: =F95*1.03 -> 3.3364598
A96: sal | C96: 0.22666667 | D96: =C96*1.03 -> 0.23346667 | E96: =C96*1.03 -> 0.23346667 | F96: =D96*1.03 -> 0.24047067 | G96: =E96*1.03 -> 0.24047067 | H96: =F96*1.03 -> 0.24768479
A97: leite | C97: 0.39333333 | D97: =C97*1.03 -> 0.40513333 | E97: =C97*1.03 -> 0.40513333 | F97: =D97*1.03 -> 0.41728733 | G97: =E97*1.03 -> 0.41728733 | H97: =F97*1.03 -> 0.42980595
A98: Doce de morango | D98: =C98*1.03 -> 0 | E98: =C98*1.03 -> 0 | F98: =D98*1.03 -> 0 | G98: =E98*1.03 -> 0 | H98: =F98*1.03 -> 0
A99: Recheio: Creme de chocolate de leite e de chocolate preto | D99: =C99*1.03 -> 0 | E99: =C99*1.03 -> 0 | F99: =D99*1.03 -> 0 | G99: =E99*1.03 -> 0 | H99: =F99*1.03 -> 0
A100: Choolate preto | C100: =18.9/1.5 -> 12.6 | D100: =C100*1.03 -> 12.978 | E100: =C100*1.03 -> 12.978 | F100: =D100*1.03 -> 13.36734 | G100: =E100*1.03 -> 13.36734 | H100: =F100*1.03 -> 13.76836
A101: Chocolate de leite | C101: =6.93/1.5 -> 4.62 | D101: =C101*1.03 -> 4.7586 | E101: =C101*1.03 -> 4.7586 | F101: =D101*1.03 -> 4.901358 | G101: =E101*1.03 -> 4.901358 | H101: =F101*1.03 -> 5.0483987
A102: Cacau (chocolate em pó) | C102: =5.23/1.5 -> 3.4866667 | D102: =C102*1.03 -> 3.5912667 | E102: =C102*1.03 -> 3.5912667 | F102: =D102*1.03 -> 3.6990047 | G102: =E102*1.03 -> 3.6990047 | H102: =F102*1.03 -> 3.8099748
A103: Natas | C103: =5.45/1.5 -> 3.6333333 | D103: =C103*1.03 -> 3.7423333 | E103: =C103*1.03 -> 3.7423333 | F103: =D103*1.03 -> 3.8546033 | G103: =E103*1.03 -> 3.8546033 | H103: =F103*1.03 -> 3.9702414
A104: Leite | C104: =0.59/1.5 -> 0.39333333 | D104: =C104*1.03 -> 0.40513333 | E104: =C104*1.03 -> 0.40513333 | F104: =D104*1.03 -> 0.41728733 | G104: =E104*1.03 -> 0.41728733 | H104: =F104*1.03 -> 0.42980595
A105: Creme de chocolate com amêmdoas: | D105: =C105*1.03 -> 0 | E105: =C105*1.03 -> 0 | F105: =D105*1.03 -> 0 | G105: =E105*1.03 -> 0 | H105: =F105*1.03 -> 0
A106: Louro | C106: =165.7/1.5 -> 110.46667 | D106: =C106*1.03 -> 113.78067 | E106: =C106*1.03 -> 113.78067 | F106: =D106*1.03 -> 117.19409 | G106: =E106*1.03 -> 117.19409 | H106: =F106*1.03 -> 120.70991
A107: Morangos | C107: =3.98/1.5 -> 2.6533333 | D107: =C107*1.03 -> 2.7329333 | E107: =C107*1.03 -> 2.7329333 | F107: =D107*1.03 -> 2.8149213 | G107: =E107*1.03 -> 2.8149213 | H107: =F107*1.03 -> 2.899369
A108: Natas | C108: =5.45/1.5 -> 3.6333333 | D108: =C108*1.03 -> 3.7423333 | E108: =C108*1.03 -> 3.7423333 | F108: =D108*1.03 -> 3.8546033 | G108: =E108*1.03 -> 3.8546033 | H108: =F108*1.03 -> 3.9702414
A109: Creme de chocolate com amêndoas: | D109: =C109*1.03 -> 0 | E109: =C109*1.03 -> 0 | F109: =D109*1.03 -> 0 | G109: =E109*1.03 -> 0 | H109: =F109*1.03 -> 0
A110: chocolate de culinária | C110: =5.95/1.5 -> 3.9666667 | D110: =C110*1.03 -> 4.0856667 | E110: =C110*1.03 -> 4.0856667 | F110: =D110*1.03 -> 4.2082367 | G110: =E110*1.03 -> 4.2082367 | H110: =F110*1.03 -> 4.3344838
A111: manteiga | C111: =4.58/1.5 -> 3.0533333 | D111: =C111*1.03 -> 3.1449333 | E111: =C111*1.03 -> 3.1449333 | F111: =D111*1.03 -> 3.2392813 | G111: =E111*1.03 -> 3.2392813 | H111: =F111*1.03 -> 3.3364598
A112: natas | C112: =5.45/1.5 -> 3.6333333 | D112: =C112*1.03 -> 3.7423333 | E112: =C112*1.03 -> 3.7423333 | F112: =D112*1.03 -> 3.8546033 | G112: =E112*1.03 -> 3.8546033 | H112: =F112*1.03 -> 3.9702414
A113: amêndoa picada | C113: =13.96/1.5 -> 9.3066667 | D113: =C113*1.03 -> 9.5858667 | E113: =C113*1.03 -> 9.5858667 | F113: =D113*1.03 -> 9.8734427 | G113: =E113*1.03 -> 9.8734427 | H113: =F113*1.03 -> 10.169646
A114: Cobertura: doce de ovos | D114: =C114*1.03 -> 0 | E114: =C114*1.03 -> 0 | F114: =D114*1.03 -> 0 | G114: =E114*1.03 -> 0 | H114: =F114*1.03 -> 0
A115: água | C115: 0 | D115: =C115*1.03 -> 0 | E115: =C115*1.03 -> 0 | F115: =D115*1.03 -> 0 | G115: =E115*1.03 -> 0 | H115: =F115*1.03 -> 0
A116: açúcar | C116: =0.89/1.5 -> 0.59333333 | D116: =C116*1.03 -> 0.61113333 | E116: =C116*1.03 -> 0.61113333 | F116: =D116*1.03 -> 0.62946733 | G116: =E116*1.03 -> 0.62946733 | H116: =F116*1.03 -> 0.64835135
A117: ovos | C117: =2.69/1.5/24 -> 0.074722222 | D117: =C117*1.03 -> 0.076963889 | E117: =C117*1.03 -> 0.076963889 | F117: =D117*1.03 -> 0.079272806 | G117: =E117*1.03 -> 0.079272806 | H117: =F117*1.03 -> 0.08165099
A118: Essência de baunilha (cerca de 2/3 gotinhas) | C118: =107/1.5 -> 71.333333 | D118: =C118*1.03 -> 73.473333 | E118: =C118*1.03 -> 73.473333 | F118: =D118*1.03 -> 75.677533 | G118: =E118*1.03 -> 75.677533 | H118: =F118*1.03 -> 77.947859
A119: Embalagens: | D119: =C119*1.03 -> 0 | E119: =C119*1.03 -> 0 | F119: =D119*1.03 -> 0 | G119: =E119*1.03 -> 0 | H119: =F119*1.03 -> 0
A120: Caixa cartolina(27*27*11cm) | C120: 0.4 | D120: =C120*1.03 -> 0.412 | E120: =C120*1.03 -> 0.412 | F120: =D120*1.03 -> 0.42436 | G120: =E120*1.03 -> 0.42436 | H120: =F120*1.03 -> 0.4370908
A124: Matérias Primas e Subsidiárias | C124: =+C43 -> 2011 | D124: =+D43 -> 2012 | E124: =+E43 -> 2013 | F124: 2014 | G124: 2015 | H124: =+H43 -> 2016
A125: Massa de manteiga e massa de pão-de-ló: | C125: =+C50*C88 -> 0 | D125: =+D50*D88 -> 0 | E125: =+E50*E88 -> 0 | H125: =+H50*H88 -> 0
A126: ovos | C126: =+C51*C89 -> 873.95111 | D126: =+D51*D89 -> 778.45125 | E126: =+E51*E89 -> 1052.4812 | F126: =+F51*F89 -> 1167.6092 | G126: =+G51*G89 -> 1266.5416 | H126: =+H51*H89 -> 1369.9403
A127: limão | C127: =+C52*C90 -> 252.65333 | D127: =+D52*D90 -> 194.46812 | E127: =+E52*E90 -> 304.5504 | F127: =+F52*F90 -> 337.55009 | G127: =+G52*G90 -> 365.47298 | H127: =+H52*H90 -> 395.30492
A128: açucar | C128: =+C53*C91 -> 77.252 | D128: =+D53*D91 -> 185.43924 | E128: =+E53*E91 -> 91.94501 | F128: =+F53*F91 -> 103.20117 | G128: =+G53*G91 -> 114.53158 | H128: =+H53*H91 -> 123.89994
A129: farinha de trigo | C129: =+C54*C92 -> 159.11 | D129: =+D54*D92 -> 72.925545 | E129: =+E54*E92 -> 192.25465 | F129: =+F54*F92 -> 212.57784 | G129: =+G54*G92 -> 229.06422 | H129: =+H54*H92 -> 247.75399
A130: farinha fécula de batata | C130: =+C55*C93 -> 65.389333 | D130: =+D55*D93 -> 156.96355 | E130: =+E55*E93 -> 77.826113 | F130: =+F55*F93 -> 87.353799 | G130: =+G55*G93 -> 96.944335 | H130: =+H55*H93 -> 104.87411
...
